Cogmind - Beta 17.1 @@@ ROGUE MODE // 2026.09.12 @ 06:17:54 Player: KURIIRI Result: Destroyed by M Guard with Hellfire Missile Launcher Performance ------------- Evolutions (9) 4500 Regions Visited (25) 5000 Robots Destroyed (546) 2730 Value Destroyed (30270) 30270 Prototype IDs (76) 1520 Alien Tech Used (0) 0 Bonus (35355) 35355 TOTAL SCORE: 79375 Bonus ------- High Alert Combat Kills 3125 Follower Combat Kills 7789 Prayed to X0-1V1 5000 Major X0-1V1 Interference 13450 Entered Garrisons 1800 Used RIF Installer 5500 Friendly Fire -1309 Cogmind --------- Core Integrity 0/1710 Matter 239/300 Energy 197/1300 System Corruption 17% Temperature Cool (0) Movement Core (1450) Ox28 Location -1/Command Parts ------- > --- POWER (3) -------- (None) > --- PROPULSION (6) --- (None) > --- UTILITY (13) ----- Huge Storage Unit Advanced Targeting Computer Core Analyzer Core Analyzer Relay Coupler [NC] (38) Relay Coupler [C] (39) Relay Coupler [C] (35) Relay Coupler [C] (36) > --- WEAPON (3) ------- Advanced Remote Datajack > --- INVENTORY (26) --- Centrium Leg Experimental Biometal Leg Advanced Weapon Cycler Advanced Force Field Improved System Shield Relay Coupler [NC] (32) Relay Coupler [C] (41) Heavy Proton Cannon Enhanced Nova Cannon Improved Heavy Machine Gun Enhanced Hardcell Cannon Enhanced Gamma Bomb Array Advanced Remote Datajack Peak State ------------ > --- POWER ------------ Singularity Reactor > --- PROPULSION ------- Advanced Myomer Leg Advanced Myomer Leg Centrium Leg Centrium Leg Heavy Shield Leg > --- UTILITY ---------- Advanced Cryofiber Web Experimental Heat Sink Huge Storage Unit Advanced Targeting Computer Core Analyzer Quantum Capacitor Advanced Remote Force Field Relay Coupler [C] Relay Coupler [C] Relay Coupler [Sentry] > --- WEAPON ----------- High-powered Disruptor Cannon Enhanced Nova Cannon > --- INVENTORY -------- Quantum Reactor Biometal Leg Biometal Leg Biometal Leg High-density Centrium Leg Advanced Heat Sink Core Analyzer Precision Energy Filter Centrium Medium Armor Plating Centrium Medium Armor Plating Advanced Focal Shield Thermal Defense Suite Advanced Point Defense System Improved System Shield Relay Coupler [NC] Relay Coupler [NC] Relay Coupler [C] Relay Coupler [C] Relay Coupler [C] Relay Coupler [Sentry] Relay Coupler [Heavy] Heavy Proton Cannon Compact HERF Cannon Enhanced Nova Cannon Advanced Remote Datajack [Rating: 198] Favorites ----------- Power Quantum Reactor Engine Improved Ion Engine Reactor Quantum Reactor Propulsion Advanced Myomer Leg Treads Heavy Treads Leg Advanced Myomer Leg Wheel Compact Wheel Utility Huge Storage Unit Device Quantum Capacitor Storage Huge Storage Unit Processor Core Analyzer Hackware Relay Coupler [Sentry] Protection Improved Medium Armor Plating Weapon Advanced Remote Datajack Energy Gun Spread Laser Energy Cannon Advanced Beam Cannon Ballistic Gun Assault Rifle Ballistic Cannon Heavy Linear Accelerator Launcher Rocket Launcher Special Weapon Advanced Remote Datajack Impact Weapon Power Maul Slashing Weapon Katana Special Melee Weapon Improved Datajack Build | -11 -10 -9 -9 -9 -8 -8 -7 -7 -7 -7 -7 -7 -6 -6 -5 -5 -4 -4 -3 -3 -2 -2 -2 -1 -1 ------- Run | Yrd Mat Mat Sto Gar Mat Gar Fac Was Fac Gar Fac Gar Fac Gar Fac Gar Fac Gar Res Gar Res Tes Gar Acc Com Slots Evolved 18 | . . 2 . . 2 . 2 . . . . . 2 . 2 . 2 . 2 . 2 . . 2 . Power 2 | . . . . . . . . . . . . . . . . . 1 . . . 1 . . . . Propulsion 4 | . . 1 . . . . 1 . . . . . . . . . 1 . . . 1 . . . . Utility 11 | . . . . . 2 . 1 . . . . . 2 . 2 . . . 2 . . . . 2 . Weapon 1 | . . 1 . . . . . . . . . . . . . . . . . . . . . . . Parts Attached 323 | 4 13 8 9 5 15 12 6 8 12 10 1 6 3 16 15 12 10 9 43 32 16 15 15 13 15 Power 28 | . 1 1 . 1 1 1 . 1 . 1 . . . 1 1 1 1 . 5 3 3 . 3 1 2 Engine 5 | . 1 1 . 1 1 1 . . . . . . . . . . . . . . . . . . . Core . | . . . . . . . . . . . . . . . . . . . . . . . . . . Reactor 23 | . . . . . . . . 1 . 1 . . . 1 1 1 1 . 5 3 3 . 3 1 2 Propulsion 56 | 2 4 3 3 2 2 3 3 2 . 1 . 1 . 6 . 3 1 . 8 1 2 2 3 4 . Treads 33 | 2 2 3 1 2 2 3 2 2 . 1 . 1 . 6 . 3 1 . 2 . . . . . . Leg 18 | . . . . . . . . . . . . . . . . . . . 6 1 2 2 3 4 . Wheel 5 | . 2 . 2 . . . 1 . . . . . . . . . . . . . . . . . . Hover . | . . . . . . . . . . . . . . . . . . . . . . . . . . Flight . | . . . . . . . . . . . . . . . . . . . . . . . . . . Utility 157 | 1 4 1 . 1 7 4 3 4 7 6 1 3 2 6 11 6 5 8 21 19 9 8 7 6 7 Device 67 | 1 1 1 . . 1 2 . 3 4 2 . 1 . 2 5 1 2 4 13 11 5 3 2 1 2 Storage 7 | . 2 . . . . . 1 1 1 . . . . . . . 2 . . . . . . . . Processor 12 | . . . . . 1 . 1 . . . . . . 1 . . . . 2 1 3 2 . 1 . Hackware 61 | . . . . 1 4 1 1 . . 2 1 2 2 3 6 5 1 4 5 7 1 1 5 4 5 Protection 10 | . 1 . . . 1 1 . . 2 2 . . . . . . . . 1 . . 2 . . . Artifact . | . . . . . . . . . . . . . . . . . . . . . . . . . . Weapon 82 | 1 4 3 6 1 5 4 . 1 5 2 . 2 1 3 3 2 3 1 9 9 2 5 2 2 6 Energy Gun 11 | . 2 1 3 . 2 1 . . . . . . . 1 . . . . . . . 1 . . . Energy Cannon 33 | . . 2 2 1 1 1 . 1 2 . . . 1 1 1 2 1 1 6 2 2 3 2 . 1 Ballistic Gun 7 | 1 . . 1 . . . . . . . . . . . . . . . . 2 . . . . 3 Ballistic Cannon 5 | . . . . . . . . . . 1 . . . 1 . . . . . 2 . . . . 1 Launcher 9 | . 2 . . . . 2 . . 1 . . 1 . . 1 . . . 1 . . . . 1 . Special Weapon 14 | . . . . . 1 . . . 1 . . 1 . . 1 . 2 . 2 3 . 1 . 1 1 Impact Weapon 1 | . . . . . . . . . . 1 . . . . . . . . . . . . . . . Slashing Weapon 1 | . . . . . 1 . . . . . . . . . . . . . . . . . . . . Piercing Weapon . | . . . . . . . . . . . . . . . . . . . . . . . . . . Special Melee Weapon 1 | . . . . . . . . . 1 . . . . . . . . . . . . . . . . Unidentified Prototypes 36 | . 1 1 4 . . . . 1 2 . . . . 1 . . 2 . 6 8 3 5 . . 2 Corrupted Parts 1 | . . . . . . 1 . . . . . . . . . . . . . . . . . . . System Corruption 3 | . . . . . . 3 . . . . . . . . . . . . . . . . . . . Parts Lost 94 | . . 2 2 3 8 5 . . . 2 . . 1 . 5 . 3 2 16 9 . 2 4 3 27 Power 16 | . . 1 . 1 2 . . . . 1 . . . . . . . . 3 2 . . 1 . 5 Propulsion 21 | . . . 2 2 3 2 . . . . . . . . 1 . . 1 2 . . . 2 . 6 Utility 37 | . . . . . 1 1 . . . 1 . . 1 . 2 . 1 1 8 6 . 1 1 2 11 Weapon 20 | . . 1 . . 2 2 . . . . . . . . 2 . 2 . 3 1 . 1 . 1 5 Highest Loss Streak 17 | . . 1 1 1 2 3 . . . 1 . . 1 . 3 . 2 1 7 4 . 2 1 1 17 To Critical Strikes 5 | . . . 1 . 2 . . . . . . . . . . . . . 1 . . . . 1 . Average Backups 20 | 4 10 14 14 14 14 15 17 18 23 22 20 21 21 22 20 22 21 22 20 21 22 24 23 24 23 Power 1 | 1 1 . . . . 1 1 1 1 . . . . . 1 2 2 1 1 2 3 1 . . . Propulsion 2 | 2 3 5 5 3 1 1 1 2 2 2 2 1 1 1 1 1 1 2 1 2 2 4 1 2 2 Utility 10 | . 1 2 3 5 6 5 9 8 10 11 10 11 14 13 12 11 12 15 12 10 9 13 16 15 11 Weapon 5 | 1 5 5 5 4 5 6 5 6 6 6 7 6 5 5 3 4 3 2 3 4 4 4 4 6 6 Tool/Special . | . . . . . . . . . . . . . . . . . . . . . . . . . . Unused Backups 98 | 5 4 1 4 . . 4 . 2 5 1 . 1 2 7 2 7 3 5 2 11 4 15 2 1 10 Power 10 | 1 1 . . . . 1 . . 1 . . . . . . 2 . 1 . . 2 1 . . . Propulsion 16 | 2 . . . . . 2 . 1 1 . . . . . . . . . . 3 . 4 . 1 2 Utility 45 | 1 1 . . . . 1 . 1 1 1 . 1 1 6 2 4 2 4 . 6 2 4 2 . 5 Weapon 21 | 1 2 1 4 . . . . . 1 . . . 1 1 . 1 . . 1 1 . 5 . . 2 Tool/Special 6 | . . . . . . . . . 1 . . . . . . . 1 . 1 1 . 1 . . 1 Average Slot Usage (%) 85 | . 99 99 97 99 94 94 98 86 83 77 76 75 78 78 81 81 77 75 83 90 96 80 84 93 84 Engine 2 | . 14 11 11 10 7 7 7 4 . . . . . . . . . . . . . . . . . Reactor 5 | . . . . . . . . 2 7 6 7 7 6 6 5 4 8 9 8 8 9 4 8 11 7 Treads 12 | . 26 21 21 31 26 25 29 12 15 15 15 15 13 12 11 11 11 11 10 . . . . . . Leg 5 | . . . . . . . . . . . . . . . . . . . 5 23 25 22 24 23 22 Device 12 | . . 11 11 8 6 4 . 6 13 12 7 5 5 1 13 16 14 17 22 21 17 17 17 15 15 Storage 6 | . 14 11 11 11 9 9 7 7 7 7 7 7 6 6 5 5 5 4 4 4 4 4 4 4 4 Processor 2 | . . . . . . . 6 7 1 . . . . 4 . . . . . 4 4 4 8 10 12 Hackware 16 | . . . . 2 8 12 21 15 15 15 21 23 31 25 22 22 21 15 15 13 20 15 10 19 14 Protection 2 | . 13 . . . 8 9 1 . . 1 1 . . 6 3 . . . 1 . . . . . . Energy Gun 1 | . 15 16 3 . 5 10 5 . . . . . . . . . . . . . . . . . . Energy Cannon 9 | . . 15 28 31 16 7 8 19 21 3 . . . . 10 10 9 9 8 7 7 6 4 3 3 Ballistic Cannon 1 | . . . . . . . . . . 5 7 7 6 5 . . . . . . . . . . . Special Weapon 3 | . . . . . 4 4 4 2 . 5 7 6 5 3 5 5 4 4 3 3 4 3 3 4 3 Peak Build Rating 198 | 7 24 30 25 27 41 46 55 69 71 86 78 84 90 103 116 127 136 138 177 177 186 193 198 197 188 Average Rating 102 | 6 14 23 22 25 30 35 43 59 68 76 78 80 88 93 111 119 128 132 146 158 178 180 186 178 166 On Entrance 89 | 6 7 24 19 25 24 27 35 55 66 69 78 78 81 87 96 112 123 131 129 177 170 171 175 186 178 Avg Prop Armor Cover (%) 16 | . . 18 17 14 . . 16 16 . . . . . . . . . . 6 . . . . . . Naked Turns . | . . . . . . . . . . . . . . . . . . . . . . . . . . Heaviest Build 187 | 13 41 40 41 41 48 55 75 110 136 135 135 132 128 153 140 148 169 170 174 159 178 185 187 182 177 Greatest Support 185 | 40 46 23 46 69 66 63 88 140 140 140 140 140 140 150 150 155 183 178 185 150 180 180 180 180 178 Greatest Overweight (x) 28 | . 1 2 4 4 1 2 2 3 . . . . . 1 . . . 1 1 1 . 1 1 1 28 Average Overweight (x) . | . . 1 2 . . . . 1 . . . . . . . . . . . . . . . . . Largest Inventory Capacity 26 | 8 15 15 16 16 16 16 21 26 26 26 26 26 26 26 26 26 26 26 26 26 26 26 26 26 26 Average Capacity 23 | 8 12 15 15 16 16 16 20 22 26 26 26 26 26 26 26 26 26 26 26 26 26 26 26 26 26 Most Carried 26 | 6 14 15 15 16 16 16 21 22 26 26 23 26 26 26 26 26 26 26 26 26 26 26 26 26 26 Average Carried 22 | 4 10 14 14 14 14 15 17 20 25 24 23 24 24 25 23 24 24 25 24 25 25 25 23 25 24 Final Capacity 26 | 8 15 15 16 16 16 16 21 26 26 26 26 26 26 26 26 26 26 26 26 26 26 26 26 26 26 Final Carried 26 | 4 14 15 15 16 15 16 21 22 24 23 23 26 26 26 26 26 24 26 26 26 26 25 26 25 13 Class Distribution -------------------- 29% | Botlord-Tank 20% | Bothacker-Tank 15% | Botlord-Gunner 12% | Botlord-Mutant 6% | Gunner 6% | Mutant 3% | Bothacker-Gunner Dominant Class ---------------- Mutant | -10/Materials Gunner | -9/Materials Gunner | -9/Storage Gunner | -9/Garrison Bothacker-Tank | -8/Materials Scavenger-Tank | -8/Garrison Bothacker-Gunner | -7/Factory Bothacker-Tank | -7/Waste Bothacker-Tank | -7/Factory Bothacker-Tank | -7/Garrison Bothacker-Tank | -7/Factory Bothacker-Tank | -7/Garrison Bothacker-Tank | -6/Factory Botlord-Tank | -6/Garrison Botlord-Tank | -5/Factory Botlord-Tank | -5/Garrison Botlord-Tank | -4/Factory Botlord-Tank | -4/Garrison Botlord-Tank | -3/Research Botlord-Gunner | -3/Garrison Botlord-Gunner | -2/Research Botlord-Mutant | -2/Testing Botlord-Gunner | -2/Garrison Botlord-Mutant | -1/Access Botlord-Mutant | -1/Command Resources | -11 -10 -9 -9 -9 -8 -8 -7 -7 -7 -7 -7 -7 -6 -6 -5 -5 -4 -4 -3 -3 -2 -2 -2 -1 -1 ----------- Run | Yrd Mat Mat Sto Gar Mat Gar Fac Was Fac Gar Fac Gar Fac Gar Fac Gar Fac Gar Res Gar Res Tes Gar Acc Com Matter Collected 16376 | 230 291 290 336 254 280 421 171 689 395 292 . 564 747 1888 1274 660 496 1238 1943 1159 462 603 697 635 361 Remotely . | . . . . . . . . . . . . . . . . . . . . . . . . . . Salvage Created 27058 | 135 554 985 1304 1013 583 892 580 1589 1069 160 36 517 638 980 2010 662 1470 742 4416 2121 766 799 1071 881 1085 Parts 1181 | 10 33 71 76 64 29 49 35 24 44 5 . 24 28 27 77 29 59 22 198 83 21 42 35 45 51 Haulers Intercepted 17 | . 2 3 3 . 1 . . . 4 . . . . . 1 . 1 . 1 . 1 . . . . Recyclers Shooed 14 | . . 2 1 . . . 2 . . . . . 1 . 1 . 2 . 3 . . 1 . . 1 Parts Field Recycled . | . . . . . . . . . . . . . . . . . . . . . . . . . . Retrieved Matter . | . . . . . . . . . . . . . . . . . . . . . . . . . . Parts Self-Destructed . | . . . . . . . . . . . . . . . . . . . . . . . . . . Prevented . | . . . . . . . . . . . . . . . . . . . . . . . . . . Parts Restored . | . . . . . . . . . . . . . . . . . . . . . . . . . . Kills | -11 -10 -9 -9 -9 -8 -8 -7 -7 -7 -7 -7 -7 -6 -6 -5 -5 -4 -4 -3 -3 -2 -2 -2 -1 -1 ------- Run | Yrd Mat Mat Sto Gar Mat Gar Fac Was Fac Gar Fac Gar Fac Gar Fac Gar Fac Gar Res Gar Res Tes Gar Acc Com Combat Hostiles Destroyed 414 | . 11 19 26 29 11 24 9 6 14 8 1 14 14 10 34 9 23 12 57 29 5 11 13 11 14 Melee 8 | . . . . . . 7 . . . . . . . 1 . . . . . . . . . . . Guns 11 | . 1 3 . . 2 4 1 . . . . . . . . . . . . . . . . . . Cannons 238 | . . 15 12 20 8 5 5 4 9 8 1 8 11 9 14 4 11 8 32 16 3 8 5 10 12 AOE 97 | . 10 1 13 8 . 7 3 1 3 . . 6 3 . 15 1 7 1 13 5 . . . . . Classes Destroyed 26 | 2 6 1 5 2 1 . . 1 1 . . 1 . 3 1 . . . 1 . . 1 . . . Worker 13 | . 3 1 . . . . . . 3 . . . 1 . . . 1 . 2 . . . . 2 . Builder 24 | . 1 1 5 . . . . . . . . . 2 . 4 . 2 . 8 . . 1 . . . Tunneler 8 | 3 1 . . . . . . . 1 . . . . . . . 1 . 2 . . . . . . Hauler 18 | . 2 3 3 . 1 . . . 4 . . . . . 1 . 1 . 2 . 1 . . . . Recycler 21 | 1 . 1 2 . 1 . 2 . . . . . 1 . 2 . 2 . 6 . 1 . . 1 1 Carrier 1 | . . . 1 . . . . . . . . . . . . . . . . . . . . . . Mechanic 5 | . . . 4 . . . . . . . . . . . 1 . . . . . . . . . . Operator 5 | . 1 1 . . . . 2 . . . . . . . . . . . 1 . . . . . . Watcher 24 | . 2 2 1 . . . 1 . 3 . . . 3 . 5 . . . 5 . . 1 . . 1 Swarmer 88 | . . . 8 7 3 7 3 . 3 . . 5 3 1 12 3 7 5 14 4 . . . 2 1 Cutter 1 | . . . . . . . . . . . . . . 1 . . . . . . . . . . . Saboteur 2 | . . . . . . . . . . . . . . 1 . 1 . . . . . . . . . Grunt 128 | . 11 14 12 10 . 9 . . 3 3 1 2 7 1 11 2 5 4 11 18 . 1 2 1 . Brawler 10 | . . . . 2 . . . . . . 1 . . 3 1 . . 1 1 1 . . . . . Duelist 8 | . . . 2 1 . 1 . . . . . . . . . . 1 1 1 . . . 1 . . Protector 3 | . . . 1 . . . . . . . . . . . . . . . 2 . . . . . . Researcher 2 | . . . . . . . . . . . . . . . . . . . . . . 2 . . . Sentry 44 | . . 5 3 6 4 5 2 . 2 4 . 3 1 1 2 2 . . 1 . . . 1 . 2 Demolisher 1 | . . . . . . . . . . . . . . . 1 . . . . . . . . . . Specialist 4 | . . . . . . . . . . . . . . . . . 1 . 2 . 1 . . . . Hunter 41 | . . . . . 4 2 . . 3 . . 1 . . 3 1 3 . 5 2 3 2 7 1 4 Programmer 71 | . . . . 3 . . 3 . 3 1 . 3 4 1 4 . 5 1 17 4 1 8 2 6 5 Heavy 2 | . . . . . . . . . 1 . . . . . . . . . . . 1 . . . . Behemoth 8 | . . . . . . . . . . . . . . 1 1 . 1 1 2 1 . . . 1 . Compactor 6 | . . . . . . . . 6 . . . . . . . . . . . . . . . . . Combat Programmer 2 | . . . . . . . . . . . . . . . . . . . . . . . . . 2 Striker 2 | . . . . . . . . . . . . . . . . . . . 1 . . 1 . . . Thug 2 | . . . 1 . . . 1 . . . . . . . . . . . . . . . . . . Infiltrator 2 | . . . . . . . . . . . . 2 . . . . . . . . . . . . . Best Kill Streak 19 | 2 5 8 14 7 4 8 3 2 7 3 1 3 3 3 9 3 9 3 19 7 2 5 3 4 4 Combat Bots Only 12 | . 2 3 12 7 3 8 3 2 4 3 1 3 3 3 5 3 8 3 10 7 2 4 3 3 4 Max Kills in Single Turn 7 | 1 3 4 3 3 1 2 3 1 2 1 1 2 2 1 4 1 2 1 7 3 1 1 1 1 1 Gunslinging . | . . . . . . . . . . . . . . . . . . . . . . . . . . Exploded 4 | . 2 1 3 3 . 2 3 1 1 . . 2 2 . 4 1 2 1 4 3 . . . . . Melee 1 | . . . . . . 1 . . . . . . . 1 . . . . . . . . . . . Uniques/NPCs Destroyed . | . . . . . . . . . . . . . . . . . . . . . . . . . . Combat | -11 -10 -9 -9 -9 -8 -8 -7 -7 -7 -7 -7 -7 -6 -6 -5 -5 -4 -4 -3 -3 -2 -2 -2 -1 -1 -------- Run | Yrd Mat Mat Sto Gar Mat Gar Fac Was Fac Gar Fac Gar Fac Gar Fac Gar Fac Gar Res Gar Res Tes Gar Acc Com Hostile Shots Fired 2015 | . 10 36 36 64 97 100 31 . 89 176 2 46 36 79 120 28 103 40 284 188 29 120 83 61 157 Missed 627 | . 3 10 8 19 24 19 11 . 36 72 . 22 10 13 32 8 26 15 91 61 19 33 30 27 38 Intercepted 9 | . . . . . . . . . . . . . . . . . . . . . . 4 . . 5 Deflected 1 | . . . . . . . . . . . . . . . . . . . . . . 1 . . . Hits 1388 | . 7 26 28 45 73 81 20 . 53 104 2 24 26 66 88 20 77 25 193 127 10 87 53 34 119 Melee 7 | . . . . . . 2 . . . . . . . 3 . 1 . . . . . . 1 . . Projectile 1381 | . 7 26 28 45 73 79 20 . 53 104 2 24 26 63 88 19 77 25 193 127 10 87 52 34 119 AOE 47 | . . . . . . . 1 . . . . . . 2 4 . . . . . 2 2 . 1 35 Critical Strikes 75 | . . 2 1 2 4 2 1 . 1 1 . . . 4 4 1 9 . 12 9 . 5 2 4 11 Part Disruptions 2 | . . . . . . . . . . . . . . . 1 . . . 1 . . . . . . Damage Taken 26591 | . 217 324 256 681 1004 969 374 75 643 772 29 315 420 1128 1803 366 1648 321 3837 2004 214 1672 1249 596 5674 Core 3791 | . 103 39 30 45 85 189 113 . 49 78 . 31 37 101 129 72 145 29 250 261 41 126 84 97 1657 Absorbed by Shields 4276 | . . . . . . . . . 186 147 . . . 5 . 62 121 140 838 459 200 504 499 583 532 Reduced by Siege Mode 220 | . . . . . . . . . 9 27 . 3 . 36 19 . . 10 116 . . . . . . Ignored by Resistances 480 | . . . . . . 30 . . . . . 4 . 204 . . . . 11 132 . . . 51 48 Regen/Repaired (Parts) 1699 | . . . . . . 126 . . . . . . 237 . 617 . . . 631 . . 20 . 68 . Core Remaining (%) 78 | 100 58 . . 92 . 58 . . . . . 66 . 85 . 81 . 86 . 79 . . 83 . . Volleys Fired 2163 | 8 34 43 39 68 59 54 28 47 62 59 14 57 54 109 164 56 115 141 252 189 46 136 139 110 80 Largest 3 | 2 2 3 3 3 3 3 2 3 3 3 1 2 1 1 1 1 2 1 1 3 1 1 1 1 2 Hottest 238 | 90 130 201 226 226 226 190 135 226 238 178 70 109 81 113 113 113 133 120 120 174 120 113 120 120 135 Shots Fired 2592 | 16 46 122 81 142 110 73 35 103 132 61 14 58 55 109 165 56 116 140 248 196 46 138 139 110 81 Gun 165 | 16 24 50 12 . 18 35 9 . . . . . . . . . . . . . . . . . 1 Cannon 1854 | . . 72 53 129 72 16 17 97 115 47 7 45 43 95 129 42 92 101 186 139 28 100 99 56 74 Launcher 109 | . 22 . 16 13 . 9 1 . 12 . . 7 2 . 6 . 9 . 5 6 . . . 1 . Special 464 | . . . . . 20 13 8 6 5 14 7 6 10 14 30 14 15 39 57 51 18 38 40 53 6 Kinetic 217 | 3 8 . . . . . . . . 44 7 45 39 57 . . . . . . . . . . 14 Thermal 1226 | 8 16 122 65 129 72 5 10 97 115 3 . . . 38 63 18 45 63 90 56 5 82 22 43 59 Explosive 96 | . 22 . 16 13 . 9 1 . . . . 7 2 . 6 . 9 . 5 6 . . . . . Electromagnetic 589 | 5 . . . . 18 46 16 . 12 . . . 4 . 66 24 47 38 96 83 23 18 77 14 2 Robot Hit Streak 89 | 8 16 13 12 17 12 17 15 89 15 15 7 11 26 28 18 15 14 21 19 23 13 13 15 29 18 Robot Miss Streak 10 | 1 2 10 2 4 4 1 2 1 3 2 1 2 4 2 6 2 4 3 4 3 1 2 3 1 2 Penetration Max . | . . . . . . . . . . . . . . . . . . . . . . . . . . Secondary Targets . | . . . . . . . . . . . . . . . . . . . . . . . . . . Capacitor 900 | . . . . . . . . . . . . . . . 126 42 90 101 173 110 . 100 96 3 59 Shots Hit Robots 1660 | 9 24 66 28 56 66 54 24 95 75 40 11 42 39 71 119 37 71 76 185 109 39 98 81 87 58 Core Hits 738 | 5 34 65 50 32 16 30 16 22 36 8 1 18 19 25 65 9 36 14 96 45 9 21 19 20 27 Critical Kills 12 | . . . . 1 . . . 1 1 . . . . 2 . . 1 . 2 1 . 2 . . 1 Critical Parts Destroyed 1 | . . . . . . . . . . . . 1 . . . . . . . . . . . . . Critical Strikes 45 | 1 . . . 1 . 1 . 1 1 4 1 6 3 7 1 . 1 1 3 3 . 2 5 . 3 Burn 1 | 1 . . . . . . . . . . . . . . . . . . . . . . . . . Meltdown 12 | . . . . 1 . . . 1 1 . . . . 2 . . 1 . 2 1 . 2 . . 1 Blast 18 | . . . . . . . . . . 4 1 4 3 5 . . . . . . . . . . 1 Corrupt 12 | . . . . . . 1 . . . . . . . . 1 . . 1 1 2 . . 5 . 1 Smash 2 | . . . . . . . . . . . . 2 . . . . . . . . . . . . . Melee Attacks 62 | . . . . . 3 28 . . . 6 . 17 . 8 . . . . . . . . . . . Impact 31 | . . . . . . . . . . 6 . 17 . 8 . . . . . . . . . . . Slashing 31 | . . . . . 3 28 . . . . . . . . . . . . . . . . . . . Piercing . | . . . . . . . . . . . . . . . . . . . . . . . . . . Sneak Attacks . | . . . . . . . . . . . . . . . . . . . . . . . . . . Combat Hostiles . | . . . . . . . . . . . . . . . . . . . . . . . . . . Follow-up Attacks . | . . . . . . . . . . . . . . . . . . . . . . . . . . Damage Inflicted 71593 | 131 1509 1648 2315 2150 1233 1835 748 2357 2330 2261 319 4157 2786 3631 6863 964 4416 1711 11218 5073 1250 3252 2871 2019 2546 Guns 1585 | 131 258 420 34 . 275 373 94 . . . . . . . . . . . . . . . . . . Cannons 49190 | . . 822 660 1622 958 336 463 2278 1803 2261 319 1860 2419 3404 3825 949 2502 1548 7025 3190 1128 3150 2147 1975 2546 Explosions 18153 | . 1216 406 1621 528 . 605 191 79 473 . . 973 367 . 3002 . 1883 163 3888 1814 122 90 706 26 . Melee 2032 | . . . . . . 521 . . . . . 1324 . 187 . . . . . . . . . . . Ramming 633 | . 35 . . . . . . . 54 . . . . 40 36 15 31 . 305 69 . 12 18 18 . Kinetic 9209 | 40 106 . . . . . . . . 2235 319 1754 2309 2340 . . . . . . . . . . 106 Thermal 29487 | 65 391 1242 694 1622 958 55 286 2357 1821 26 . . . 1064 2416 472 2100 1121 3456 1350 125 2685 1023 1751 2407 Explosive 15158 | . 977 406 1621 528 . 605 191 . . . . 973 367 . 2414 . 1310 . 3888 1756 122 . . . . Electromagnetic 14968 | 26 . . . . 275 654 271 . 455 . . . 110 . 1997 477 975 590 3569 1898 1003 555 1830 250 33 Impact 1511 | . . . . . . . . . . . . 1324 . 187 . . . . . . . . . . . Slashing 521 | . . . . . . 521 . . . . . . . . . . . . . . . . . . . Piercing . | . . . . . . . . . . . . . . . . . . . . . . . . . . Phasic 106 | . . . . . . . . . . . . 106 . . . . . . . . . . . . . Highest Corruption 24 | . . 2 2 2 . 3 1 1 10 . . 1 . 5 1 . 10 10 17 19 1 8 24 6 17 Average Corruption 6 | . . 2 2 2 . 3 1 1 7 . . 1 . 4 1 . 2 7 10 17 1 2 9 2 8 Corruption Purged . | . . . . . . . . . . . . . . . . . . . . . . . . . . Corruption Blocked . | . . . . . . . . . . . . . . . . . . . . . . . . . . Effects 416 | . . 7 3 8 . 15 . 6 29 . . 1 . 37 1 . 17 24 98 68 7 22 42 14 17 Message Errors 100 | . . . 1 3 . 3 . . 6 . . 1 . 11 1 . 7 5 19 16 . 8 9 5 5 Matter Fused 92 | . . 3 . 2 . 6 . 2 7 . . . . 7 . . 2 5 26 9 3 2 14 1 3 Heat Flow Errors 32 | . . . . . . 2 . . 1 . . . . 3 . . 1 . 8 9 2 . 2 3 1 Energy Discharges 50 | . . 3 2 . . 1 . 1 5 . . . . 7 . . 1 5 6 8 1 3 5 . 2 Parts Rejected 5 | . . . . 1 . 1 . . . . . . . . . . . 1 1 1 . . . . . Parts Fused 6 | . . . . . . . . . . . . . . 1 . . . . 2 2 . . 1 . . Data Loss (minor) 54 | . . . . 1 . . . 1 7 . . . . 3 . . 3 3 13 8 . 5 6 2 2 Data Loss (major) 25 | . . 1 . . . . . 1 1 . . . . 1 . . 1 2 7 5 . 1 2 2 1 Misfires 15 | . . . . 1 . . . . 1 . . . . 1 . . 1 . 4 3 . 2 1 . 1 Alerts 13 | . . . . . . 1 . 1 . . . . . 2 . . . 2 1 2 1 1 1 1 . Misdirections 4 | . . . . . . . . . . . . . . . . . . . 3 . . . . . 1 Weapon Failures 20 | . . . . . . 1 . . 1 . . . . 1 . . 1 1 8 5 . . 1 . 1 Overload Shots . | . . . . . . . . . . . . . . . . . . . . . . . . . . Overflow Damage 4370 | . 77 36 66 15 26 53 26 . 38 285 50 424 564 388 449 65 324 46 845 163 56 129 101 131 13 Projectiles 3169 | . . 11 18 6 26 . 13 . 38 285 50 214 538 249 306 65 143 46 652 112 56 129 68 131 13 Explosions 894 | . 77 25 48 9 . 53 13 . . . . 55 26 . 143 . 181 . 180 51 . . 33 . . Melee 307 | . . . . . . . . . . . . 155 . 139 . . . . 13 . . . . . . Knockbacks 39 | . . . . . . . . . . 4 . 13 7 7 . . . . 3 2 . . 1 . 2 Impact 11 | . . . . . . . . . . . . 4 . 2 . . . . 3 1 . . 1 . . Kinetic 24 | . . . . . . . . . . 3 . 8 7 4 . . . . . . . . . . 2 Secondary 4 | . . . . . . . . . . 1 . 1 . 1 . . . . . 1 . . . . . Self-Inflicted Damage 798 | . 127 . . 98 . . . 75 128 . . . 24 . . . 95 . 192 9 . . 50 . . Shots 22 | . 3 . . 3 . . . 1 6 . . . 2 . . . 2 . 3 1 . . 1 . . Rammed 33 | . 3 . . . . . . . 3 . . . . 4 3 2 3 . 15 . . . . . . Targets Rammed 42 | . 3 . . . . . . . 3 . . . . 4 4 2 3 . 19 1 . 1 1 1 . Kicked 6 | . . . . . . . . . . . . . . . . . . . 2 1 . 1 1 1 . Crushed 3 | . . . . . . . . . . . . . . . 1 . . . 2 . . . . . . Highest Temperature 547 | 130 138 394 316 547 423 327 130 333 367 246 80 104 156 292 453 339 470 343 430 417 23 354 176 360 436 Average Temperature 109 | 55 30 135 111 129 172 85 49 134 91 85 35 34 39 63 114 83 142 142 150 180 23 205 64 162 144 Received Heat Transfer 3667 | . 51 159 51 174 108 297 69 . 73 241 18 42 78 108 189 85 123 27 350 330 16 56 30 24 968 Effects 29 | . . 1 1 5 7 . . . . . . . . . 4 . 4 . 4 1 . . . . 2 Shutdowns 8 | . . . . 1 2 . . . . . . . . . 2 . 2 . 1 . . . . . . Energy Bleed 7 | . . 1 . . 3 . . . . . . . . . . . . . 1 1 . . . . 1 Interference 9 | . . . 1 3 1 . . . . . . . . . . . 2 . 2 . . . . . . Short Circuit 2 | . . . . 1 . . . . . . . . . . 1 . . . . . . . . . . Damage (minor) 2 | . . . . . . . . . . . . . . . 1 . . . . . . . . . 1 Damage (major) 1 | . . . . . 1 . . . . . . . . . . . . . . . . . . . . Siege Activations 24 | . . . . . . . . . 1 2 . 2 2 2 6 1 1 2 5 . . . . . . Total Turns 258 | . . . . . . . . . 32 33 . 12 19 12 23 59 7 17 44 . . . . . . Longest Duration 59 | . . . . . . . . . 32 18 . 7 13 6 8 59 7 15 25 . . . . . . Martial Activations . | . . . . . . . . . . . . . . . . . . . . . . . . . . Shielding Activations 2 | . . . . . . . . . . . . . . . . . . . . . . 2 . . . Total Turns 45 | . . . . . . . . . . . . . . . . . . . . . . 45 . . . Longest Duration 28 | . . . . . . . . . . . . . . . . . . . . . . 28 . . . Robots Disrupted 12 | . . . . . . . . . . . . . . . 1 . . 1 . 1 . . 7 2 . Combat Hostiles 12 | . . . . . . . . . . . . . . . 1 . . 1 . 1 . . 7 2 . Robots Corrupted 56 | . . . . . 1 1 . . 1 . . 1 . 2 4 4 4 3 14 7 4 1 8 1 . Combat Hostiles 45 | . . . . . 1 1 . . . . . . . . 4 4 4 3 10 6 2 1 8 1 . Parts Fried 107 | . . . . . 3 3 2 . 4 . . . 1 2 10 4 10 3 30 15 8 3 9 . . Impact Corruptions 9 | . . . . . . . . . . . . 4 . 3 . . . . 2 . . . . . . Robots Melted 18 | . . . 2 1 . . . 1 3 . . . . 2 1 . 1 . 2 1 . 2 . . 2 Combat Hostiles 15 | . . . 1 1 . . . 1 2 . . . . 1 1 . 1 . 2 1 . 2 . . 2 Parts Melted 89 | 1 1 2 9 6 4 . 2 1 16 . . . . 4 6 . 6 2 13 4 2 2 . 3 5 Heat Transferred 30073 | 259 445 1936 1110 2368 1443 74 333 3460 3022 37 . . . 1369 1989 444 1658 927 2257 1086 74 2233 672 1369 1508 Parts Sabotaged 6 | . . . . . . . . . . . . . . 3 . 3 . . . . . . . . . Parts Stolen . | . . . . . . . . . . . . . . . . . . . . . . . . . . Parts Stripped . | . . . . . . . . . . . . . . . . . . . . . . . . . . Power Chain Reactions 12 | . . . . . . . . . 2 . . . . . 2 . 1 2 . 1 . 1 3 . . Alert | -11 -10 -9 -9 -9 -8 -8 -7 -7 -7 -7 -7 -7 -6 -6 -5 -5 -4 -4 -3 -3 -2 -2 -2 -1 -1 ------- Run | Yrd Mat Mat Sto Gar Mat Gar Fac Was Fac Gar Fac Gar Fac Gar Fac Gar Fac Gar Res Gar Res Tes Gar Acc Com Maximum Alert Level 5 | . 1 2 3 5 3 3 2 . 1 2 . 3 2 3 2 3 2 3 2 3 2 1 3 2 1 Low Security (%) 28 | 100 38 44 7 . . 5 48 100 76 15 100 35 10 5 . . 56 . 52 . 7 85 12 28 65 Level 1 27 | . 61 28 18 . 35 4 . . 23 25 . 9 62 25 33 . 39 15 27 . 78 14 41 63 34 Level 2 28 | . . 27 33 15 27 25 51 . . 58 . 38 27 22 66 90 4 75 20 36 14 . 43 8 . Level 3 13 | . . . 40 33 36 64 . . . . . 17 . 46 . 9 . 9 . 63 . . 2 . . Level 4 1 | . . . . 39 . . . . . . . . . . . . . . . . . . . . . Level 5 . | . . . . 11 . . . . . . . . . . . . . . . . . . . . . High Security . | . . . . . . . . . . . . . . . . . . . . . . . . . . Max Security . | . . . . . . . . . . . . . . . . . . . . . . . . . . Sterilizations 1 | . . . . . . . . . . . 1 . . . . . . . . . . . . . . Peak Influence 1789 | 10 374 477 878 1789 871 1078 660 40 276 695 135 848 493 971 652 720 416 738 572 1075 485 236 718 430 267 Initial 871 | . 3 109 196 565 871 134 565 40 . 183 107 . 445 45 509 403 378 287 414 419 443 130 92 430 . Average 399 | 2 219 257 551 1144 541 736 340 4 86 425 31 420 308 588 436 578 186 533 230 741 295 102 387 238 139 Influence Increases 19257 | 20 699 672 944 1274 654 994 366 8 797 623 54 868 521 1046 1315 337 852 631 1561 1069 844 959 1116 550 483 Destroy 0b10 Robot/C 8530 | . 220 380 520 760 340 520 200 . 420 360 20 420 280 250 540 135 345 225 855 435 255 330 315 180 225 Destroy 0b10 Robot/NC 667 | 20 50 45 80 . 35 . 20 . 55 . . 15 35 32 60 8 28 . 116 8 28 8 . 16 8 Destroy Leader 1434 | . 68 130 108 20 88 20 42 . 144 20 10 50 76 20 100 8 74 8 166 32 78 42 40 40 50 Allied During Kill 1998 | . . . 41 125 48 31 75 . 91 65 2 51 26 51 34 36 77 57 109 67 234 248 219 144 167 Trap Triggered on 0b10 8 | . . . . . . . . . . . . . . 8 . . . . . . . . . . . Successful Hack 391 | . 16 . 12 . 17 28 8 . 43 26 6 . 52 . 17 20 2 . 41 . 40 47 11 5 . Select Force Hacks 90 | . 60 30 . . . . . . . . . . . . . . . . . . . . . . . Disable Machine 1164 | . 90 30 90 15 60 15 . . 15 60 15 60 30 60 180 . 96 . 36 48 24 120 72 48 . Anti-Garrison Action 2085 | . . . . 200 . 200 . . . 50 . 150 . 501 . 114 . 227 . 265 113 . 265 . . Destroy Structure 2244 | . 150 42 78 154 21 30 6 8 14 42 1 122 22 76 256 16 218 114 226 190 72 54 182 117 33 Partial Spotted 30 | . . . . . . . 15 . 15 . . . . . . . . . . . . . . . . Lose Combat Pursuer 378 | . 45 15 15 . 45 150 . . . . . . . 48 . . 12 . 12 24 . . 12 . . Miscellaneous 238 | . . . . . . . . . . . . . . . 128 . . . . . . 110 . . . Influence Decreases 19257 | 15 443 466 541 355 2236 123 1327 125 535 679 260 20 1304 140 1709 194 1162 303 1740 840 1400 1068 521 1268 483 Entered New Map 5243 | . 2 152 271 305 918 73 513 77 . 79 99 . 403 20 462 174 342 123 324 140 345 102 31 288 . Time Decay 5793 | 15 441 294 230 . 428 . 294 38 325 . 26 . 481 . 632 . 490 . 632 . 380 490 . 395 202 Lost Part 803 | . . 20 20 30 80 50 . . . 20 . . 10 . 50 . 30 20 159 90 . 14 40 30 140 Lost Ally 2768 | . . . 20 20 110 . 70 10 60 80 . 20 . 120 190 20 150 160 350 60 250 196 450 291 141 Purge Threat 4650 | . . . . . 700 . 450 . 150 500 135 . 410 . 375 . 150 . 275 550 425 266 . 264 . Squads Dispatched 110 | . 3 6 5 . 3 . 3 . 9 . . . 6 . 15 . 6 . 19 . 11 14 . 9 1 Investigation 23 | . 3 3 2 . . . . . 3 . . . 2 . 3 . 1 . 3 . 1 2 . . . Extermination 27 | . . . . . . . 1 . 4 . . . 3 . 2 . 2 . 5 . 2 4 . 3 1 Reinforcement 26 | . . 3 . . . . . . 2 . . . . . 2 . 1 . 8 . 4 4 . 2 . Assault 13 | . . . 3 . . . 2 . . . . . . . 1 . . . 3 . 2 . . 2 . Garrison 21 | . . . . . 3 . . . . . . . 1 . 7 . 2 . . . 2 4 . 2 . Intercept . | . . . . . . . . . . . . . . . . . . . . . . . . . . Searches Triggered . | . . . . . . . . . . . . . . . . . . . . . . . . . . Construction Impeded 4 | . . 1 . . . . . . 1 . . . . . 1 . . . . . 1 . . . . Haulers Reinforced 6 | . . . . . . . . . . . . . . . 1 . . . 3 . . . . 2 . Active Scanning Responses . | . . . . . . . . . . . . . . . . . . . . . . . . . . Cargo Convoy Interrupts 2 | . . . . . . . . . . . . . . . . . 1 . 1 . . . . . . Alert ID Control Effect 144 | . . . . . . 1 1 . . . . . 2 15 14 3 20 13 11 6 16 17 6 17 2 Stealth | -11 -10 -9 -9 -9 -8 -8 -7 -7 -7 -7 -7 -7 -6 -6 -5 -5 -4 -4 -3 -3 -2 -2 -2 -1 -1 --------- Run | Yrd Mat Mat Sto Gar Mat Gar Fac Was Fac Gar Fac Gar Fac Gar Fac Gar Fac Gar Res Gar Res Tes Gar Acc Com Distress Signals 24 | . 1 2 3 . 1 . . . . . . . 2 . 3 . 3 . 3 . 1 2 . 3 . Communications Jammed 329 | . . . . . . . . . . . . . . . 1 . 46 . 150 . 43 13 . 76 . Distress Signals 323 | . . . . . . . . . . . . . . . 1 . 46 . 146 . 43 13 . 74 . Times Spotted 876 | . 17 22 33 31 23 35 13 6 22 22 6 27 27 35 68 23 48 33 118 58 28 53 47 58 23 Peak Tracking Total 16 | . 3 3 8 5 5 11 4 3 4 7 4 4 4 5 6 4 6 5 16 8 5 5 15 9 5 Tactical Retreats 16 | . 1 1 1 . 2 4 . . . . . . . 2 . . 1 . 1 2 . . 1 . . Traps | -11 -10 -9 -9 -9 -8 -8 -7 -7 -7 -7 -7 -7 -6 -6 -5 -5 -4 -4 -3 -3 -2 -2 -2 -1 -1 ------- Run | Yrd Mat Mat Sto Gar Mat Gar Fac Was Fac Gar Fac Gar Fac Gar Fac Gar Fac Gar Res Gar Res Tes Gar Acc Com Traps Triggered 38 | . 2 1 1 3 . . 2 . 1 . . 1 . 3 1 2 3 5 3 2 . 1 2 3 2 Indirectly 1 | . . . . . . . . . . . . . . . . . . . . . . . . 1 . Trap Hack Attempts 4 | . . . . . . . . . 4 . . . . . . . . . . . . . . . . Triggered . | . . . . . . . . . . . . . . . . . . . . . . . . . . Disarmed 5 | . . . . . . . 5 . . . . . . . . . . . . . . . . . . Reprogrammed 1 | . . . . . . . . . 1 . . . . . . . . . . . . . . . . Reused 1 | . . . . . . . . . . . . . . 1 . . . . . . . . . . . Traps Extracted . | . . . . . . . . . . . . . . . . . . . . . . . . . . Installed 6 | . . . . . . . . . . . . . . 6 . . . . . . . . . . . Triggered 1 | . . . . . . . . . . . . . . 1 . . . . . . . . . . . Most Traps Carried 3 | . . . . . . . . . . . . . . 3 . . . . . . . . . . . Machines | -11 -10 -9 -9 -9 -8 -8 -7 -7 -7 -7 -7 -7 -6 -6 -5 -5 -4 -4 -3 -3 -2 -2 -2 -1 -1 ---------- Run | Yrd Mat Mat Sto Gar Mat Gar Fac Was Fac Gar Fac Gar Fac Gar Fac Gar Fac Gar Res Gar Res Tes Gar Acc Com Machines Disabled 125 | . 6 2 6 1 4 6 . . 1 5 1 8 2 13 15 3 8 4 3 9 3 10 11 4 . Max in Single Turn 6 | . 4 2 1 1 1 1 . . 1 1 1 2 1 1 5 1 6 1 1 1 1 1 1 1 . Garrison Access 11 | . . . . . . . 2 . 1 . . . . . 2 . 1 . 2 . 1 . . 2 . Garrison Relay 27 | . . . . . . 3 . . . 1 . 2 . 4 . 3 . 4 . 5 . . 5 . . Phase Generator 4 | . . . . . . . . . . 1 . 1 . . . 1 . . . 1 . . . . . Machines Repaired . | . . . . . . . . . . . . . . . . . . . . . . . . . . Machines Dismantled . | . . . . . . . . . . . . . . . . . . . . . . . . . . Machines Sabotaged . | . . . . . . . . . . . . . . . . . . . . . . . . . . Overloaded Fab Kills . | . . . . . . . . . . . . . . . . . . . . . . . . . . Hacking | -11 -10 -9 -9 -9 -8 -8 -7 -7 -7 -7 -7 -7 -6 -6 -5 -5 -4 -4 -3 -3 -2 -2 -2 -1 -1 --------- Run | Yrd Mat Mat Sto Gar Mat Gar Fac Was Fac Gar Fac Gar Fac Gar Fac Gar Fac Gar Res Gar Res Tes Gar Acc Com Machines Accessed 109 | . 5 4 5 3 5 3 5 . 9 1 2 2 9 2 11 1 6 1 14 1 6 9 1 3 1 Terminals 64 | . 3 2 4 3 4 3 4 . 3 1 1 2 4 2 6 1 1 1 5 1 4 6 1 1 1 Fabricators 8 | . . . . . . . . . 2 . . . . . 1 . 1 . 3 . . 1 . . . Repair Stations 6 | . . . . . . . . . 1 . . . 2 . 1 . 1 . 1 . . . . . . Recycling Units 3 | . 2 1 . . . . . . . . . . . . . . . . . . . . . . . Scanalyzers 12 | . . 1 . . . . . . 1 . . . 2 . . . 1 . 3 . 2 1 . 1 . Garrison Access 16 | . . . 1 . 1 . 1 . 2 . 1 . 1 . 3 . 2 . 2 . . 1 . 1 . Total Hacks 234 | . 12 9 12 8 9 6 8 . 20 2 5 3 22 6 29 3 14 1 29 1 9 20 1 3 2 Successful 121 | . 6 2 7 1 5 2 5 . 13 2 3 2 14 1 18 2 11 1 8 . 5 10 1 2 . Failed 112 | . 6 6 5 7 4 4 3 . 7 . 2 1 8 5 11 1 3 . 21 1 4 10 . 1 2 Catastrophic 19 | . . 1 . 2 1 1 1 . 1 . . . 1 1 1 1 . . 5 1 . 1 . 1 . Database Lockouts 1 | . . 1 . . . . . . . . . . . . . . . . . . . . . . . Manual 104 | . 8 7 9 1 9 . 4 . 6 1 4 1 9 4 13 2 5 . 6 . 3 10 . . 2 Terminals 144 | . 10 6 10 8 8 6 7 . 8 2 4 3 14 6 14 3 2 1 10 1 5 12 1 1 2 Fabricators 24 | . . . . . . . . . 6 . . . . . 5 . 3 . 9 . . 1 . . . Repair Stations 15 | . . . . . . . . . 1 . . . 3 . 7 . 2 . 2 . . . . . . Recycling Units 3 | . 2 1 . . . . . . . . . . . . . . . . . . . . . . . Scanalyzers 31 | . . 2 . . . . . . 3 . . . 4 . . . 5 . 6 . 4 6 . 1 . Garrison Access 17 | . . . 2 . 1 . 1 . 2 . 1 . 1 . 3 . 2 . 2 . . 1 . 1 . Terminal Hacks 44 | . 4 . 5 1 2 2 3 . 2 2 2 2 7 1 2 2 . 1 . . 2 2 1 1 . Part Schematic 3 | . . . . . . . . . . . . . 2 . 1 . . . . . . . . . . Robot Schematic 1 | . . . . . 1 . . . . . . . . . . . . . . . . . . . . Robot Analysis 6 | . 4 . 1 . . . . . . . 1 . . . . . . . . . . . . . . Open Door 3 | . . . 1 . . . . . . . . . . . . . . . . . . 1 . 1 . Branch Access Points 2 | . . . . . . . . . . . . . 1 . . . . . . . 1 . . . . Emergency Access Points 6 | . . . . 1 . 1 . . . 1 . 1 . 1 . 1 . . . . . . . . . Terminal Index 2 | . . . . . . . 1 . . . . . 1 . . . . . . . . . . . . Fabricator Index 2 | . . . . . . . . . 1 . 1 . . . . . . . . . . . . . . Unreport Threat 5 | . . . . . 1 . . . . . . . 2 . . . . . . . 1 1 . . . Disarm Traps 1 | . . . . . . . 1 . . . . . . . . . . . . . . . . . . Hauler Manifests 2 | . . . . . . . 1 . . . . . . . 1 . . . . . . . . . . Registered Components 2 | . . . . . . . . . 1 . . . 1 . . . . . . . . . . . . Zone Layout 3 | . . . 3 . . . . . . . . . . . . . . . . . . . . . . Garrison Registry 6 | . . . . . . 1 . . . 1 . 1 . . . 1 . 1 . . . . 1 . . Fabricator Hacks 11 | . . . . . . . . . 3 . . . . . 3 . 2 . 3 . . . . . . Network Status 3 | . . . . . . . . . 1 . . . . . 1 . . . 1 . . . . . . Load Schematic 5 | . . . . . . . . . 1 . . . . . 1 . 1 . 2 . . . . . . Build 3 | . . . . . . . . . 1 . . . . . 1 . 1 . . . . . . . . Repair Station Hacks 6 | . . . . . . . . . . . . . . . 6 . . . . . . . . . . Scan Component 3 | . . . . . . . . . . . . . . . 3 . . . . . . . . . . Repair 3 | . . . . . . . . . . . . . . . 3 . . . . . . . . . . Recycling Unit Hacks . | . . . . . . . . . . . . . . . . . . . . . . . . . . Scanalyzer 20 | . . 1 . . . . . . 3 . . . 3 . . . 5 . 2 . 2 4 . . . Insert Component 5 | . . . . . . . . . . . . . 1 . . . 2 . . . 1 1 . . . Analyze 3 | . . . . . . . . . . . . . 1 . . . 2 . . . . . . . . Retrieve Study 12 | . . 1 . . . . . . 3 . . . 1 . . . 1 . 2 . 1 3 . . . Garrison Access Hacks 16 | . . . 1 . 1 . 1 . 2 . 1 . 1 . 3 . 2 . 2 . . 1 . 1 . Unlock Access 9 | . . . 1 . 1 . . . 1 . 1 . 1 . 1 . 1 . 1 . . 1 . . . Seal Access 7 | . . . . . . . 1 . 1 . . . . . 2 . 1 . 1 . . . . 1 . Unauthorized Hacks 24 | . 2 1 1 . 2 . 1 . 3 . . . 3 . 4 . 2 . 1 . 1 3 . . . Terminals 10 | . . . 1 . 2 . 1 . 1 . . . 1 . 1 . . . . . 1 2 . . . Botnet 8 | . . . 1 . 1 . 1 . . . . . 1 . 1 . . . . . 1 2 . . . Operators 2 | . . . . . 1 . . . 1 . . . . . . . . . . . . . . . . Fabricators 5 | . . . . . . . . . 1 . . . . . 2 . 1 . . . . 1 . . . Prioritize 2 | . . . . . . . . . . . . . . . 1 . 1 . . . . . . . . Liberate 2 | . . . . . . . . . 1 . . . . . . . . . . . . 1 . . . Haulers 1 | . . . . . . . . . . . . . . . 1 . . . . . . . . . . Repair Stations 6 | . . . . . . . . . 1 . . . 2 . 1 . 1 . 1 . . . . . . Mechanics 5 | . . . . . . . . . 1 . . . 1 . 1 . 1 . 1 . . . . . . Patch 1 | . . . . . . . . . . . . . 1 . . . . . . . . . . . . Recycling Units 3 | . 2 1 . . . . . . . . . . . . . . . . . . . . . . . Tunnel 3 | . 2 1 . . . . . . . . . . . . . . . . . . . . . . . Scanalyzers . | . . . . . . . . . . . . . . . . . . . . . . . . . . Garrison Access . | . . . . . . . . . . . . . . . . . . . . . . . . . . Data Cores Recovered 5 | . 1 . . . 1 . 1 . . . . . . . 1 . . . . . 1 . . . . Used 2 | . 1 . . . . . . . . . . . . . . . . . . . 1 . . . . Hacking Detections 76 | . 3 3 4 3 2 2 4 . 6 1 1 1 7 2 7 . 4 1 12 1 5 5 . 1 1 Full Trace Events 21 | . 1 2 1 2 . 1 . . 2 . . . 1 2 3 . 1 . 3 . 1 1 . . . Feedback Events 1 | . . . . . . . . . . . . . . . . . . . 1 . . . . . . Corruption 1 | . . . . . . . . . . . . . . . . . . . 1 . . . . . . Feedback Blocked . | . . . . . . . . . . . . . . . . . . . . . . . . . . Robot Schematics Acquired 4 | . . . . . 1 . . . . . . . . . . . . . . . . 3 . . . Robots Built 1 | . . . . . . . . . 1 . . . . . . . . . . . . . . . . Authchips . | . . . . . . . . . . . . . . . . . . . . . . . . . . Time 116 | . . . . . . . . . 116 . . . . . . . . . . . . . . . . Total Robot Build Rating 3 | . . . . . . . . . 3 . . . . . . . . . . . . . . . . Part Schematics Acquired 22 | . . . . . . . . . . . . . 3 . 1 . 2 . . . . 16 . . . Parts Built 4 | . . . . . . . . . . . . . . . 2 . 2 . . . . . . . . Authchips . | . . . . . . . . . . . . . . . . . . . . . . . . . . Time 105 | . . . . . . . . . . . . . . . 58 . 47 . . . . . . . . Total Part Build Rating 24 | . . . . . . . . . . . . . . . 14 . 10 . . . . . . . . Part Studies Acquired 12 | . . 1 . . . . . . 3 . . . 1 . . . 1 . 2 . 1 3 . . . Parts Repaired 3 | . . . . . . . . . . . . . . . 3 . . . . . . . . . . Time 168 | . . . . . . . . . . . . . . . 168 . . . . . . . . . . Parts Recycled . | . . . . . . . . . . . . . . . . . . . . . . . . . . Recycled Matter . | . . . . . . . . . . . . . . . . . . . . . . . . . . Retrieved Matter . | . . . . . . . . . . . . . . . . . . . . . . . . . . Retrieved Components . | . . . . . . . . . . . . . . . . . . . . . . . . . . Parts Scanalyzed 4 | . . . . . . . . . . . . . 1 . . . 2 . . . . 1 . . . Part Schematics Acquired 3 | . . . . . . . . . . . . . 1 . . . 2 . . . . . . . . Parts Damaged . | . . . . . . . . . . . . . . . . . . . . . . . . . . Bothacking | -11 -10 -9 -9 -9 -8 -8 -7 -7 -7 -7 -7 -7 -6 -6 -5 -5 -4 -4 -3 -3 -2 -2 -2 -1 -1 ------------ Run | Yrd Mat Mat Sto Gar Mat Gar Fac Was Fac Gar Fac Gar Fac Gar Fac Gar Fac Gar Res Gar Res Tes Gar Acc Com Used RIF Installer 11 | . . . . 1 . 1 . . . 1 . 1 . 2 . 1 . 2 . 1 . . 1 . . Coupler Efficiency 1 | . . . . . . . . . . . . . 1 . . . . . . . . . . . . Hotswap 1 | . . . . . . . . . . 1 . . . . . . . . . . . . . . . Code Merge 2 | . . . . . . . . . . . . 1 . . . . . . . . . . 1 . . Command Fork 2 | . . . . . . . . . . . . . . . . . . 2 . . . . . . . Threat Obfuscator 1 | . . . . . . . . . . . . . . 1 . . . . . . . . . . . Signal Jammer 1 | . . . . . . . . . . . . . . 1 . . . . . . . . . . . Zone Cloak 1 | . . . . . . . . . . . . . . . . 1 . . . . . . . . . Alert ID Control 1 | . . . . . . 1 . . . . . . . . . . . . . . . . . . . Crosswire 1 | . . . . . . . . . . . . . . . . . . . . 1 . . . . . Robots Hacked 226 | . . . . . 8 3 2 5 2 5 4 3 6 6 20 10 11 13 35 14 9 24 14 27 5 Non-combat 53 | . . . . . 7 1 2 . 2 1 3 . 1 . 4 . 4 . 12 1 2 4 . 8 1 Combat 173 | . . . . . 1 2 . 5 . 4 1 3 5 6 16 10 7 13 23 13 7 20 14 19 4 Robot Hacks Applied 283 | . . . . . 15 3 7 5 5 10 7 3 9 6 25 10 13 14 41 21 12 25 15 32 5 parse_system 9 | . . . . . 1 . . . . . . 1 . . 1 . . . 1 1 1 1 1 1 . map_walls 1 | . . . . . . . . . . . . . . . . . . . 1 . . . . . . find_fabricator 3 | . . . . . . . . . . . . . . . . . 1 . . . . . . 2 . drop_inventory 14 | . . . . . 2 . 1 . . . . . . . 1 . 2 . 3 . 1 1 . 3 . purge_threat 35 | . . . . . 6 . 4 . 1 5 1 . 1 . 3 . 1 . 2 6 2 1 . 2 . reprogram_traps 1 | . . . . . . . 1 . . . . . . . . . . . . . . . . . . block_reporting 5 | . . . . . 1 . . . 1 . . . 1 . . . . . 1 . . . . 1 . recall_investigation 1 | . . . . . . . . . 1 . . . . . . . . . . . . . . . . map_route 8 | . . . . . 1 . . . 1 . 1 . . . 1 . . . 1 . . . . 2 1 disable_scanner 1 | . . . . . . . . . . . . . . . . . . . . . . 1 . . . ignore_targets 5 | . . . . . . . . 5 . . . . . . . . . . . . . . . . . emergency_deploy 1 | . . . . . . . . . . . . . . . . . . . 1 . . . . . . find_garrison 4 | . . . . . . . . . . . 1 . . . 2 . . . 1 . . . . . . spike_heat 4 | . . . . . . . . . . . . . . . 2 . . . 1 . . . . . 1 overload_power 1 | . . . . . . . . . . . . . . . . . 1 . . . . . . . . amplify_resonance 65 | . . . . . 2 . . . . 4 1 2 2 2 5 6 1 5 11 4 2 3 4 9 2 reboot_system 1 | . . . . . . . . . . . . . . . . . . . 1 . . . . . . go_dormant 1 | . . . . . . . . . . . . . . . . . . . . . . 1 . . . overwrite_iff 18 | . . . . . . . . . . . 1 . 2 1 1 . . 4 2 . 1 2 2 2 . formatsys_low 18 | . . . . . 1 1 1 . 1 1 1 . 1 . . . 1 . 2 1 1 5 . 1 . formatsys_high 87 | . . . . . 1 2 . . . . 1 . 2 3 9 4 6 5 13 9 4 10 8 9 1 Relay Couplers Released 128 | . . . . 3 . 12 1 . 3 5 . 6 . 16 3 12 . 16 2 23 2 . 23 1 . Machine Destruction 121 | . . . . . . 12 1 . 3 5 . 6 . 16 3 12 . 16 2 19 2 . 23 1 . Programmers 7 | . . . . 3 . . . . . . . . . . . . . . . 4 . . . . . Attached 51 | . . . . . 4 1 . . . 2 1 1 1 3 4 4 . 4 4 7 1 1 5 3 5 Crosswired 16 | . . . . . . . . . . . . . . . . . . . . 4 3 . 9 . . Merged Code Value 119 | . . . . . . . . . . . . . . . . 6 . . . 10 . . 103 . . Fabnet Peak Effective % . | . . . . . . . . . . . . . . . . . . . . . . . . . . Robots Rewired 34 | . . . . 6 . 2 . . . . . . . 1 1 . . 12 . 3 . 2 5 2 . Allies Hacked 20 | . . . . . . . . . 3 . . . . 1 2 . . 4 2 . . 2 . . 6 Hacks Repelled . | . . . . . . . . . . . . . . . . . . . . . . . . . . Allies | -11 -10 -9 -9 -9 -8 -8 -7 -7 -7 -7 -7 -7 -6 -6 -5 -5 -4 -4 -3 -3 -2 -2 -2 -1 -1 -------- Run | Yrd Mat Mat Sto Gar Mat Gar Fac Was Fac Gar Fac Gar Fac Gar Fac Gar Fac Gar Res Gar Res Tes Gar Acc Com Total Allies 207 | . . . 2 6 2 7 1 . 9 1 3 2 5 10 15 4 7 20 18 15 7 30 18 22 3 Largest Group 15 | . . . 2 5 4 7 8 1 4 4 3 3 3 5 10 3 5 8 5 11 11 15 14 12 7 Highest-Rated Group 1245 | . . . 62 131 111 142 168 14 128 128 62 152 90 234 463 147 218 392 245 654 654 845 848 1245 408 Highest-Rated Ally 219 | . . . 31 39 39 31 31 14 32 32 26 80 40 116 116 49 49 68 113 89 89 79 69 219 64 Total Orders 74 | . . . . . . 1 . . . . 1 6 . 14 5 3 2 3 12 6 5 6 6 3 1 STAY 43 | . . . . . . . . . . . 1 3 . 8 4 2 1 2 7 3 3 3 4 1 1 ROAM 1 | . . . . . . . . . . . . . . . . . . . . 1 . . . . . FOLLOW 26 | . . . . . . . . . . . . 3 . 6 1 1 1 1 4 2 2 2 2 1 . AID 4 | . . . . . . 1 . . . . . . . . . . . . 1 . . 1 . 1 . Ally Attacks 1399 | . . . 18 27 51 17 31 . 57 22 2 19 12 72 81 12 86 54 100 32 174 161 135 204 32 Total Damage 45186 | . . . 235 536 728 275 436 . 1224 651 . 722 337 2518 2080 288 2368 2097 3793 627 5444 4944 4724 10127 1032 Kills 246 | . . . . 10 11 3 2 . 7 10 . 7 2 18 18 3 20 16 15 6 35 26 14 20 3 Allies Corrupted 14 | . . . . . . . . . 1 . . . . . 2 . . . 2 . 2 1 . 1 5 Allies Melted 3 | . . . . . . . . . . . . . . . . . . 1 1 . . . 1 . . X0-1V1 Amusement Gains 255 | . 21 15 20 . 20 20 . 19 . 20 . 1 . . 2 . 5 . . 9 . 50 . . 53 Average Entertainment 87 | . 20 25 27 41 58 65 81 91 96 94 99 99 100 99 99 95 99 100 99 99 100 72 100 100 78 Good Acts 158 | . . 1 4 7 3 7 1 6 13 8 . 6 7 7 16 4 6 12 14 12 8 3 1 7 5 Bad Acts 81 | . . 1 1 3 1 3 1 . 7 3 2 2 2 10 6 2 4 2 7 6 . 6 6 4 2 Intel | -11 -10 -9 -9 -9 -8 -8 -7 -7 -7 -7 -7 -7 -6 -6 -5 -5 -4 -4 -3 -3 -2 -2 -2 -1 -1 ------- Run | Yrd Mat Mat Sto Gar Mat Gar Fac Was Fac Gar Fac Gar Fac Gar Fac Gar Fac Gar Res Gar Res Tes Gar Acc Com Active Infowar (turns) 2405 | 3 7 . . . . . . . . . . . . . . . . . 613 1470 312 . . . . Optics 2395 | . . . . . . . . . . . . . . . . . . . 613 1470 312 . . . . Seismic 10 | 3 7 . . . . . . . . . . . . . . . . . . . . . . . . Robot Analysis Total 6 | . 4 . 1 . . . . . . . 1 . . . . . . . . . . . . . . Derelict Logs Recovered . | . . . . . . . . . . . . . . . . . . . . . . . . . . Drone Launches . | . . . . . . . . . . . . . . . . . . . . . . . . . . Drone Recoveries . | . . . . . . . . . . . . . . . . . . . . . . . . . . Exploration | -11 -10 -9 -9 -9 -8 -8 -7 -7 -7 -7 -7 -7 -6 -6 -5 -5 -4 -4 -3 -3 -2 -2 -2 -1 -1 ------------- Run | Yrd Mat Mat Sto Gar Mat Gar Fac Was Fac Gar Fac Gar Fac Gar Fac Gar Fac Gar Res Gar Res Tes Gar Acc Com Turns Passed 29855 | 75 1398 651 496 1338 1050 1052 642 408 2152 1010 205 894 1292 2249 2215 1012 1298 1320 2518 1470 894 1469 1230 1009 508 Spaces Moved 15489 | 7 774 357 254 650 525 470 347 166 1162 508 113 407 705 1012 1109 480 697 514 1239 849 618 942 605 657 322 Core 1 | . . . . . . . . . . . . . . . . . . . . . . . . . 1 Treads 10301 | 5 726 1 48 556 525 470 345 81 1162 508 113 407 705 1012 1109 480 697 514 837 . . . . . . Legs 4396 | 2 . . . . . . . . . . . . . . . . . . 402 849 618 942 605 657 321 Wheels 791 | . 48 356 206 94 . . 2 85 . . . . . . . . . . . . . . . . . Hover . | . . . . . . . . . . . . . . . . . . . . . . . . . . Flight . | . . . . . . . . . . . . . . . . . . . . . . . . . . Fastest Speed 105 | 120 105 120 120 140 160 160 130 130 160 160 160 160 160 160 145 145 152 155 116 116 116 115 110 105 105 Average Speed 149 | 148 156 127 132 157 160 165 159 144 160 160 160 160 160 165 154 146 152 199 149 118 116 123 158 113 112 Slowest Speed 1450 | 160 240 240 160 160 240 320 160 160 160 160 160 160 160 240 160 160 155 232 237 186 118 188 185 177 1450 Overloaded Moves . | . . . . . . . . . . . . . . . . . . . . . . . . . . Propulsion Burnouts . | . . . . . . . . . . . . . . . . . . . . . . . . . . Robots Hopped . | . . . . . . . . . . . . . . . . . . . . . . . . . . Potential Cave-ins 7 | . . . . . 2 3 . . . . . . . 2 . . . . . . . . . . . Cave-ins Triggered . | . . . . . . . . . . . . . . . . . . . . . . . . . . Exploration Rate (%) 51 | 2 98 43 62 88 42 63 13 83 41 67 6 53 24 95 41 69 19 76 45 91 24 73 85 26 15 Regions Visited 25 Branch Regions 3 Pre-discovered Areas 3 | . 2 1 . . . . . . . . . . . . . . . . . . . . . . . Known Exits Taken 10 | . . . 1 . 1 . . . 1 . 1 . 1 . 1 . 1 . 1 . 1 1 . . . Unknown Exits Taken 4 | 1 1 1 . . . . . . . . . . . . . . . . . . . . . 1 . Scrap Searched . | . . . . . . . . . . . . . . . . . . . . . . . . . . Spaces Dug 64 | . . . . . 5 . . . 2 1 . 1 1 4 2 4 2 20 4 7 3 2 6 . . Terrain Destroyed 1236 | . 164 37 92 70 16 . 6 10 14 12 1 114 28 14 149 4 128 31 122 125 15 17 60 . 7 Melee 3 | . . . . . 2 . . . . 1 . . . . . . . . . . . . . . . Projectile 187 | . . . 2 . 14 . 1 2 7 11 1 10 12 14 10 4 9 25 22 16 3 10 7 . 7 AOE 1046 | . 164 37 90 70 . . 5 8 7 . . 104 16 . 139 . 119 6 100 109 12 7 53 . . Terrain Rammed . | . . . . . . . . . . . . . . . . . . . . . . . . . . Walls Destroyed . | . . . . . . . . . . . . . . . . . . . . . . . . . . Machines Disabled . | . . . . . . . . . . . . . . . . . . . . . . . . . . Actions | -11 -10 -9 -9 -9 -8 -8 -7 -7 -7 -7 -7 -7 -6 -6 -5 -5 -4 -4 -3 -3 -2 -2 -2 -1 -1 --------- Run | Yrd Mat Mat Sto Gar Mat Gar Fac Was Fac Gar Fac Gar Fac Gar Fac Gar Fac Gar Res Gar Res Tes Gar Acc Com Total 21002 | 56 912 458 347 847 635 631 402 245 1353 641 128 558 826 1473 1592 796 916 813 1868 1284 774 1261 870 867 449 Wait 1947 | 36 63 39 16 59 17 41 10 4 66 35 . 55 44 239 249 191 63 94 227 121 39 96 64 57 22 Move 15472 | 6 773 356 253 649 524 469 347 165 1162 507 113 406 705 1011 1109 479 697 513 1239 848 617 942 604 656 322 Hop . | . . . . . . . . . . . . . . . . . . . . . . . . . . Pick Up 344 | . 13 6 10 7 9 10 4 5 19 11 . 8 7 31 24 23 7 15 33 31 18 25 17 9 2 Fast Attach 126 | 1 5 2 3 2 2 7 2 2 5 1 . 1 . 9 1 5 7 2 13 19 10 12 4 7 4 Attach 149 | 2 . 3 2 2 7 3 1 1 1 4 . 1 4 11 10 7 7 3 30 11 5 2 11 10 11 Detach 24 | . . . . . . . . . 1 1 . . . . 1 . 2 . 4 3 2 4 2 4 . Swap 229 | 1 13 6 12 7 13 11 7 12 11 7 1 8 5 10 13 7 6 8 16 18 10 9 10 4 4 Drop 316 | 2 8 3 12 2 1 7 3 9 19 10 . 5 5 34 11 24 9 12 24 36 27 34 8 7 4 Fire 2163 | 8 34 43 39 68 59 54 28 47 62 59 14 57 54 109 164 56 115 141 252 189 46 136 139 110 80 Melee 62 | . . . . . 3 28 . . . 6 . 17 . 8 . . . . . . . . . . . Ram 1 | . 1 . . . . . . . . . . . . . . . . . . . . . . . . Kick 6 | . . . . . . . . . . . . . . . . . . . 2 1 . 1 1 1 . Crush 35 | . 2 . . . . . . . 3 . . . . 4 4 2 3 . 17 . . . . . . Escape Stasis 36 | . . . . 16 . . . . . . . . . . . 1 . 4 . 5 . . 10 . . Rewire 72 | . . . . 35 . 1 . . . . . . 2 1 6 1 . 21 1 2 . . . 2 . Trap 10 | . . . . . . . . . 4 . . . . 6 . . . . . . . . . . . Miscellaneous 10 | . . . . . . . . . . . . . . . . . . . 10 . . . . . . Route ------- -11/Scrapyard -10/Materials (discovered 6 exits: *Mat x3 / [*Min x2] / [*Sub]) -9/Materials (discovered 3 exits: *Mat / [*Min] / *Sto) -9/Storage (discovered 3 exits: *Mat / [Rec] / Gar) -9/Garrison (discovered 3 exits: *Mat x3) -8/Materials (discovered 2 exits: *Fac / Gar) -8/Garrison (discovered 3 exits: *Fac x3) -7/Factory -7/Waste -7/Factory (discovered 4 exits: *Fac x2 / Low / Gar) -7/Garrison (discovered 3 exits: *Fac x3) -7/Factory (discovered 2 exits: Low / Gar) -7/Garrison (discovered 3 exits: *Fac x3) -6/Factory (discovered 5 exits: Low x2 / Ext x2 / Gar) -6/Garrison (discovered 3 exits: *Fac x3) -5/Factory (discovered 4 exits: *Fac x2 / [*Upp] / Gar) -5/Garrison (discovered 3 exits: *Fac x3) -4/Factory (discovered 3 exits: *Res / Upp / Gar) -4/Garrison (discovered 3 exits: *Res x3) -3/Research (discovered 3 exits: *Res x2 / Gar) -3/Garrison (discovered 3 exits: *Res x3) -2/Research (discovered 4 exits: *Acc x2 / *Tes x2) -2/Testing (discovered 2 exits: *Acc / Gar) -2/Garrison (discovered 3 exits: *Acc x3) -1/Access (discovered 2 exits: Sur / *Com) -1/Command History --------- Turn | Location | Event 17 | -11/Scrapyard | Discovered new exit (range 3) 76 | -11/Scrapyard | Entered Materials 300 | -10/Materials | Build established: Mutant 735 | -10/Materials | Discovered new exit (range 7) 749 | -10/Materials | Discovered new exit (range 16) 916 | -10/Materials | Discovered new exit (range 15) 956 | -10/Materials | Discovered new exit (range 13) 1279 | -10/Materials | Discovered new exit (range 14) 1394 | -10/Materials | Discovered new exit (range 6) 1421 | -10/Materials | Prayed at D.C.S.S. Altar Unit 1474 | -10/Materials | Entered another Materials area 1474 | -9/Materials | Evolved 2 slots: Propulsion x1, Weapon x1 1751 | -9/Materials | Discovered new exit (range 8) 1794 | -9/Materials | Build established: Gunner 1959 | -9/Materials | Discovered new exit (range 7) 1971 | -9/Materials | Central database locked down 2104 | -9/Materials | Discovered new exit (range 13) 2125 | -9/Materials | Entered Storage 2175 | -9/Storage | X0-1V1 foreshadows a heat wave 2345 | -9/Storage | Discovered new exit (range 15) 2359 | -9/Storage | Ambient heat levels rising (+10) 2386 | -9/Storage | Met a pair of Derelict thieves 2461 | -9/Storage | Destroyed 12 combat bots 2476 | -9/Storage | Discovered new exit (range 9) 2521 | -9/Storage | Ambient heat levels rising (+10) 2525 | -9/Storage | First assault squad dispatched 2566 | -9/Storage | Inventory capacity permanently improved by X0-1V1 (+1; -100 max core) 2610 | -9/Storage | Identified exit to Garrison 2621 | -9/Storage | Entered Garrison 2643 | -9/Garrison | X0-1V1 caused items to flee you 2793 | -9/Garrison | Triggered checkpoint 2813 | -9/Garrison | Items stopped fleeing you 2877 | -9/Garrison | Triggered checkpoint 2879 | -9/Garrison | Destroyed 7 combat bots 2892 | -9/Garrison | Triggered checkpoint 2941 | -9/Garrison | Triggered checkpoint 2988 | -9/Garrison | Installed Relay Interface Framework 3026 | -9/Garrison | Discovered new exit (range 14) 3116 | -9/Garrison | X0-1V1 activates XOMVISION 3247 | -9/Garrison | Core integrity permanently improved by X0-1V1 (+300) 3386 | -9/Garrison | Discovered new exit (range 11) 3619 | -9/Garrison | Triggered checkpoint 3662 | -9/Garrison | Identified exit to Materials 3662 | -9/Garrison | X0-1V1 revealed exit location to -8/Materials 3701 | -9/Garrison | Triggered checkpoint 3813 | -9/Garrison | X0-1V1 activates XOMVISION 3959 | -9/Garrison | Entered Materials 3959 | -8/Materials | Accompanied by 4 allies 3959 | -8/Materials | Evolved 2 slots: Utility x2 4176 | -8/Materials | Identified exit to Garrison 4192 | -8/Materials | Melee accuracy permanently improved by X0-1V1 (+9%; -90 max core) 4257 | -8/Materials | Build established: Bothacker-Tank 4271 | -8/Materials | Discovered new exit (range 4) 4398 | -8/Materials | Lost 4 allies 4407 | -8/Materials | Garrison activated, responded to threat 4501 | -8/Materials | X0-1V1 sent hostile H-55 Commando (x3) 5009 | -8/Materials | Entered Garrison 5101 | -8/Garrison | Lost 3 parts (1n1u1w) 5129 | -8/Garrison | X0-1V1 activates XOMVISION 5139 | -8/Garrison | Destroyed 8 combat bots 5142 | -8/Garrison | X0-1V1 vaporized surrounding terrain (radius 24) 5297 | -8/Garrison | Triggered checkpoint 5324 | -8/Garrison | Identified exit to Factory 5324 | -8/Garrison | X0-1V1 revealed exit location to -7/Factory 5332 | -8/Garrison | Expanded RIF knowledge: Alert ID Control 5383 | -8/Garrison | Triggered checkpoint 5543 | -8/Garrison | Build established: Scavenger-Tank 5637 | -8/Garrison | Triggered checkpoint 5680 | -8/Garrison | Garrison Relay disabled 5731 | -8/Garrison | Triggered checkpoint 5760 | -8/Garrison | Triggered checkpoint 5786 | -8/Garrison | Triggered checkpoint 5836 | -8/Garrison | Rescued a captive Derelict 5838 | -8/Garrison | Rescued a captive Derelict 5867 | -8/Garrison | Garrison Relay disabled 5905 | -8/Garrison | X0-1V1 activates XOMVISION 5959 | -8/Garrison | Discovered exit to Factory (range 24) 5959 | -8/Garrison | Discovered exit to Factory (range 70) 5959 | -8/Garrison | Discovered exit to Factory (range 39) 5991 | -8/Garrison | Build established: Bothacker-Tank 6061 | -8/Garrison | Entered Factory 6061 | -7/Factory | Accompanied by 7 allies 6061 | -7/Factory | Evolved 2 slots: Propulsion x1, Utility x1 6406 | -7/Factory | Build established: Bothacker-Gunner 6493 | -7/Factory | Identified exit to Factory 6493 | -7/Factory | X0-1V1 revealed exit location to -6/Factory 6577 | -7/Factory | P-60 Hacker assimilated allied Trooper 3b 6622 | -7/Factory | Lost 3 allies 6703 | -7/Factory | Sucked down chute 6703 | -7/Factory | Entered Waste 6714 | -7/Waste | Spotted C-40 Crusher 6743 | -7/Waste | 1 allies followed down the chute 6759 | -7/Waste | Spotted C-40 Crusher 6771 | -7/Waste | Spotted C-40 Crusher 6798 | -7/Waste | Destroyed C-40 Crusher 6808 | -7/Waste | X0-1V1 activates XOMVISION 6829 | -7/Waste | Destroyed C-40 Crusher 6884 | -7/Waste | Destroyed C-40 Crusher 6919 | -7/Waste | Spotted C-40 Crusher 6937 | -7/Waste | Destroyed C-40 Crusher 6943 | -7/Waste | Spotted C-40 Crusher 6951 | -7/Waste | Destroyed C-40 Crusher 7004 | -7/Waste | Destroyed C-40 Crusher 7076 | -7/Waste | Discovered new exit (range 16) 7111 | -7/Waste | Entered Factory 7176 | -7/Factory | Build established: Bothacker-Tank 7264 | -7/Factory | Identified exit to Lower Caves 7264 | -7/Factory | X0-1V1 revealed exit location to -7/Lower Caves 7308 | -7/Factory | X0-1V1 put everyone to sleep 7406 | -7/Factory | X0-1V1 sent you to a vault 7413 | -7/Factory | Found Prototype Device 7413 | -7/Factory | Identified Skeleton Box 8103 | -7/Factory | X0-1V1 woke everyone up 8379 | -7/Factory | System corruption reached 10% 8459 | -7/Factory | X0-1V1 tapped a No Entrance sign 8585 | -7/Factory | Fabricated M-28 Smith? 8675 | -7/Factory | Discovered exit to Factory (range 77) 8805 | -7/Factory | X0-1V1 sent hostile B-36 Bruiser (x2) 8807 | -7/Factory | X0-1V1 sent allied Y-54 Guardian (x4) 9101 | -7/Factory | Discovered exit to Factory (range 8) 9263 | -7/Factory | Identified exit to Garrison 9263 | -7/Factory | Entered Garrison 9263 | -7/Garrison | Accompanied by 4 allies 9289 | -7/Garrison | H-XX Assembler disabled 9310 | -7/Garrison | X0-1V1 activates XOMVISION 9357 | -7/Garrison | Expanded RIF knowledge: Hotswap 9471 | -7/Garrison | Triggered checkpoint 9483 | -7/Garrison | Triggered checkpoint 9519 | -7/Garrison | Triggered checkpoint 9550 | -7/Garrison | Lost 4 allies 9609 | -7/Garrison | Discovered new exit (range 10) 9763 | -7/Garrison | Discovered new exit (range 45) 9763 | -7/Garrison | Discovered new exit (range 36) 9763 | -7/Garrison | Discovered new exit (range 34) 9822 | -7/Garrison | Build established: Hauler-Tank 9851 | -7/Garrison | Triggered checkpoint 9883 | -7/Garrison | Garrison Relay disabled 9992 | -7/Garrison | X0-1V1 destroyed Phase Generator 9992 | -7/Garrison | Phase Generator disabled 10173 | -7/Garrison | X0-1V1 caused items to flee you 10199 | -7/Garrison | Build established: Bothacker-Tank 10273 | -7/Garrison | Entered Factory 10273 | -7/Factory | Accompanied by 1 ally 10290 | -7/Factory | X0-1V1 made a cryptic comment about sterilization and BL-4Z3 10295 | -7/Factory | X0-1V1 enhanced Transport squad support 10328 | -7/Factory | Discovered exit to Lower Caves (range 59) 10414 | -7/Factory | Sterilization system engaged 10414 | -7/Factory | Non-combat units ordered to evacuate 10478 | -7/Factory | Identified exit to Garrison 10478 | -7/Factory | Entered Garrison 10478 | -7/Garrison | Accompanied by 2 allies 10502 | -7/Garrison | Triggered checkpoint 10674 | -7/Garrison | Triggered checkpoint 10677 | -7/Garrison | Found embedded Infiltrators 10684 | -7/Garrison | Garrison Relay disabled 10704 | -7/Garrison | H-XX Assembler disabled 10867 | -7/Garrison | Triggered checkpoint 10908 | -7/Garrison | Triggered checkpoint 10926 | -7/Garrison | Triggered checkpoint 11010 | -7/Garrison | Discovered exit to Factory (range 22) 11010 | -7/Garrison | Discovered exit to Factory (range 79) 11010 | -7/Garrison | Discovered exit to Factory (range 77) 11206 | -7/Garrison | Triggered checkpoint 11220 | -7/Garrison | Garrison Relay disabled 11296 | -7/Garrison | Phase Generator disabled 11351 | -7/Garrison | Expanded RIF knowledge: Code Merge 11372 | -7/Garrison | Entered Factory 11372 | -6/Factory | Evolved 2 slots: Utility x2 11908 | -6/Factory | Expanded RIF knowledge: Coupler Efficiency 11935 | -6/Factory | Identified exit to Lower Caves 11935 | -6/Factory | Identified exit to Extension 12632 | -6/Factory | Garrison activated, responded to threat 12661 | -6/Factory | Identified exit to Garrison 12664 | -6/Factory | Entered Garrison 12664 | -6/Garrison | Accompanied by 3 allies 12764 | -6/Garrison | Triggered checkpoint 12772 | -6/Garrison | Identified exit to Factory 12772 | -6/Garrison | X0-1V1 revealed exit location to -5/Factory 12799 | -6/Garrison | Found embedded Infiltrators 12919 | -6/Garrison | Garrison Relay disabled 13057 | -6/Garrison | Spotted B-75 Beast 13066 | -6/Garrison | X0-1V1 turns hostiles against one another 13083 | -6/Garrison | Destroyed B-75 Beast 13158 | -6/Garrison | Found Fusion Bomb Launcher 13209 | -6/Garrison | Build established: Botlord-Tank 13245 | -6/Garrison | Triggered checkpoint 13258 | -6/Garrison | Triggered checkpoint 13275 | -6/Garrison | Triggered checkpoint 13284 | -6/Garrison | Triggered checkpoint 13285 | -6/Garrison | X0-1V1 upgraded ally (x2) 13382 | -6/Garrison | Triggered checkpoint 13401 | -6/Garrison | Garrison Relay disabled 13450 | -6/Garrison | Discovered exit to Factory (range 14) 13522 | -6/Garrison | Expanded RIF knowledge: Threat Obfuscation 13682 | -6/Garrison | Triggered checkpoint 13702 | -6/Garrison | X0-1V1 vaporized surrounding terrain (radius 22) 13711 | -6/Garrison | Spotted B-86 Titan 13739 | -6/Garrison | Garrison Relay disabled 13795 | -6/Garrison | Discovered exit to Factory (range 7) 13837 | -6/Garrison | Triggered checkpoint 13864 | -6/Garrison | Garrison Relay disabled 13866 | -6/Garrison | X0-1V1 caused items to flee you 14084 | -6/Garrison | Items stopped fleeing you 14563 | -6/Garrison | Build established: Botlord-Mutant 14728 | -6/Garrison | Expanded RIF knowledge: Signal Jamming 14798 | -6/Garrison | X0-1V1 vaporized surrounding terrain (radius 22) 14804 | -6/Garrison | Rewired B-86 Titan 14913 | -6/Garrison | Entered Factory 14913 | -5/Factory | Accompanied by 2 allies 14913 | -5/Factory | Evolved 2 slots: Utility x2 15039 | -5/Factory | Fabricated Quantum Capacitor (x2) 15119 | -5/Factory | Build established: Botlord-Tank 15207 | -5/Factory | X0-1V1 sent you to a vault 15311 | -5/Factory | Garrison activated, responded to threat 15351 | -5/Factory | Spotted B-75 Beast 15356 | -5/Factory | Destroyed B-75 Beast 15444 | -5/Factory | Discovered new exit (range 8) 15541 | -5/Factory | Identified exit to Factory 15541 | -5/Factory | X0-1V1 revealed exit location to -4/Factory 15678 | -5/Factory | X0-1V1 revealed exit location to -4/Factory 15696 | -5/Factory | X0-1V1 activates XOMVISION 15813 | -5/Factory | First assault squad dispatched 15978 | -5/Factory | Garrison activated, responded to threat 16344 | -5/Factory | Garrison activated, responded to threat 16546 | -5/Factory | Lost 3 parts (1n1u1w) 16648 | -5/Factory | Repaired Imp. Heavy Treads? 16735 | -5/Factory | Repaired Adv. Cooling System 16795 | -5/Factory | X0-1V1 added 0b10 threat records associated with you (considerable) 16847 | -5/Factory | Repaired Adv. Heat Sink 16877 | -5/Factory | X0-1V1 vaporized surrounding terrain (radius 18) 17128 | -5/Factory | Identified exit to Garrison 17128 | -5/Factory | Entered Garrison 17171 | -5/Garrison | Discovered exit to Factory (range 58) 17171 | -5/Garrison | Discovered exit to Factory (range 37) 17171 | -5/Garrison | Discovered exit to Factory (range 45) 17171 | -5/Garrison | Watched by a mysterious "MATRIX" hacker 17196 | -5/Garrison | Triggered checkpoint 17220 | -5/Garrison | X0-1V1 caused items to flee you 17241 | -5/Garrison | Expanded RIF knowledge: Zone Cloak 17365 | -5/Garrison | Items stopped fleeing you 17409 | -5/Garrison | Garrison Relay disabled 17445 | -5/Garrison | X0-1V1 destroyed Phase Generator 17445 | -5/Garrison | Phase Generator disabled 17468 | -5/Garrison | Triggered checkpoint 17484 | -5/Garrison | Triggered checkpoint 17506 | -5/Garrison | Triggered checkpoint 17529 | -5/Garrison | Triggered checkpoint 17581 | -5/Garrison | Triggered checkpoint 17611 | -5/Garrison | Garrison Relay disabled 18042 | -5/Garrison | Garrison Relay disabled 18140 | -5/Garrison | Entered Factory 18140 | -4/Factory | Accompanied by 3 allies 18140 | -4/Factory | Evolved 2 slots: Power x1, Propulsion x1 18249 | -4/Factory | Found Quantum Capacitor 18435 | -4/Factory | Discovered new exit (range 7) 18508 | -4/Factory | Spotted B-86 Titan 18526 | -4/Factory | Destroyed B-86 Titan 18755 | -4/Factory | Identified exit to Upper Caves 18755 | -4/Factory | X0-1V1 revealed exit location to -4/Upper Caves 18793 | -4/Factory | Fabricated Imp. Cryofiber Web (x2) 18882 | -4/Factory | P-70 Sage assimilated allied Sentinel 6d 18885 | -4/Factory | X0-1V1 upgraded hostiles (x1) 19300 | -4/Factory | Garrison activated, responded to threat 19308 | -4/Factory | Cargo convoy interrupted 19342 | -4/Factory | Lost 4 allies 19347 | -4/Factory | Destroyed 8 combat bots 19379 | -4/Factory | System corruption reached 10% 19429 | -4/Factory | Identified exit to Garrison 19438 | -4/Factory | Entered Garrison 19438 | -4/Garrison | Accompanied by 1 ally 19442 | -4/Garrison | X0-1V1 rewrote Sentinel 7e IFF filter 19456 | -4/Garrison | Triggered checkpoint 19490 | -4/Garrison | Garrison Relay disabled 19535 | -4/Garrison | Triggered checkpoint 19641 | -4/Garrison | Identified exit to Research 19641 | -4/Garrison | X0-1V1 revealed exit location to -3/Research 19674 | -4/Garrison | Garrison Relay disabled 19754 | -4/Garrison | Lost 3 allies 19985 | -4/Garrison | Spotted B-86 Titan 19993 | -4/Garrison | Destroyed B-86 Titan 20000 | -4/Garrison | Weapon slot count temporarily expanded by X0-1V1 (+3) 20001 | -4/Garrison | P-70 Sage assimilated allied Sentinel 7g 20026 | -4/Garrison | Triggered checkpoint 20062 | -4/Garrison | Lost 3 allies 20078 | -4/Garrison | Triggered checkpoint 20174 | -4/Garrison | Garrison Relay disabled 20190 | -4/Garrison | Triggered checkpoint 20226 | -4/Garrison | Expanded RIF knowledge: Command Fork 20247 | -4/Garrison | Discovered exit to Research (range 8) 20302 | -4/Garrison | X0-1V1 revealed exit location to -3/Research 20425 | -4/Garrison | X0-1V1 activates XOMVISION 20452 | -4/Garrison | Triggered checkpoint 20512 | -4/Garrison | Expanded RIF knowledge: Command Fork 20642 | -4/Garrison | Discovered exit to Research (range 30) 20642 | -4/Garrison | Discovered exit to Research (range 51) 20642 | -4/Garrison | Discovered exit to Research (range 73) 20670 | -4/Garrison | Garrison Relay disabled 20758 | -4/Garrison | Entered Research 20758 | -3/Research | Accompanied by 5 allies 20758 | -3/Research | Evolved 2 slots: Utility x2 20797 | -3/Research | Weapon slot count reverted to normal (-3) 20986 | -3/Research | Spotted B-86 Titan 20996 | -3/Research | Destroyed B-86 Titan 21225 | -3/Research | Lost 3 parts (1p1u1w) 21241 | -3/Research | Identified exit to Research 21241 | -3/Research | X0-1V1 revealed exit location to -2/Research 21476 | -3/Research | Spotted B-86 Titan 21487 | -3/Research | Allies destroyed B-86 Titan 21588 | -3/Research | X0-1V1 redirected Transport squads to designated parking area 21908 | -3/Research | P-80 Master assimilated allied Warden 8a 21916 | -3/Research | System corruption reached 10% 21921 | -3/Research | P-80 Master assimilated allied Warden 8a 21959 | -3/Research | Lost 3 parts (1p1u1w) 22394 | -3/Research | Cargo convoy interrupted 22453 | -3/Research | Spotted Striker 22457 | -3/Research | Destroyed Striker 22459 | -3/Research | Spotted Striker 22510 | -3/Research | Lost 8 allies 22530 | -3/Research | Destroyed 10 combat bots 22534 | -3/Research | Lost 7 parts (2n4u1w) 22647 | -3/Research | Found Prototype Launcher 22647 | -3/Research | Identified Gui. Micro-nuke Launcher 22653 | -3/Research | Destroyed 9 combat bots 22706 | -3/Research | Found Prototype Reactor 22760 | -3/Research | Build established: Botlord-Mutant 23008 | -3/Research | First assault squad dispatched 23073 | -3/Research | Build established: Botlord-Gunner 23116 | -3/Research | Spotted B-86 Titan 23142 | -3/Research | X0-1V1 sent you into danger 23206 | -3/Research | Discovered exit to Research (range 25) 23246 | -3/Research | Destroyed B-86 Titan 23276 | -3/Research | Identified exit to Garrison 23276 | -3/Research | Entered Garrison 23318 | -3/Garrison | Triggered checkpoint 23344 | -3/Garrison | Garrison Relay disabled 23384 | -3/Garrison | Garrison Relay disabled 23385 | -3/Garrison | Spotted B-86 Titan 23385 | -3/Garrison | X0-1V1 sent you into danger 23385 | -3/Garrison | Triggered checkpoint 23437 | -3/Garrison | X0-1V1 activates XOMVISION 23453 | -3/Garrison | Destroyed 7 combat bots 23455 | -3/Garrison | Lost 4 parts (1p3u) 23473 | -3/Garrison | Destroyed B-86 Titan 23538 | -3/Garrison | Triggered checkpoint 23549 | -3/Garrison | Triggered checkpoint 23558 | -3/Garrison | X0-1V1 upgraded hostiles (x2) 23623 | -3/Garrison | Q-Series assembled to engage unique threat in Research 23633 | -3/Garrison | Discovered exit to Research (range 22) 23693 | -3/Garrison | X0-1V1 revealed exit location to -2/Research 23720 | -3/Garrison | Triggered checkpoint 23820 | -3/Garrison | Garrison Relay disabled 23892 | -3/Garrison | Build established: Botlord-Mutant 23924 | -3/Garrison | Triggered checkpoint 23951 | -3/Garrison | Garrison Relay disabled 24012 | -3/Garrison | X0-1V1 activates XOMVISION 24069 | -3/Garrison | X0-1V1 revealed exit location to -2/Research 24084 | -3/Garrison | QS Assembler disabled 24117 | -3/Garrison | Found Prototype Processor 24117 | -3/Garrison | Identified Exp. Signal Interpreter 24138 | -3/Garrison | Found Prototype Device 24138 | -3/Garrison | Identified Exp. Shield Generator 24200 | -3/Garrison | X0-1V1 destroyed Phase Generator 24200 | -3/Garrison | Phase Generator disabled 24210 | -3/Garrison | Triggered checkpoint 24234 | -3/Garrison | Lost 3 allies 24316 | -3/Garrison | Build established: Botlord-Gunner 24402 | -3/Garrison | Triggered checkpoint 24446 | -3/Garrison | Triggered checkpoint 24517 | -3/Garrison | Garrison Relay disabled 24566 | -3/Garrison | Triggered checkpoint 24578 | -3/Garrison | Triggered checkpoint 24623 | -3/Garrison | Expanded RIF knowledge: Crosswire 24746 | -3/Garrison | Entered Research 24746 | -2/Research | Accompanied by 11 allies 24746 | -2/Research | Evolved 2 slots: Power x1, Propulsion x1 24869 | -2/Research | X0-1V1 activates XOMVISION 24975 | -2/Research | Identified exit to Testing 25053 | -2/Research | Identified exit to Access 25053 | -2/Research | X0-1V1 revealed exit location to -1/Access 25094 | -2/Research | X0-1V1 activates XOMVISION 25170 | -2/Research | Spotted B-90 Cyclops 25187 | -2/Research | Allies destroyed B-90 Cyclops 25295 | -2/Research | Found Prototype Processor 25295 | -2/Research | Identified Spectral Analyzer 25311 | -2/Research | Identified Singularity Reactor 25337 | -2/Research | Discovered exit to Access (range 8) 25630 | -2/Research | Found Quantum Capacitor 25640 | -2/Research | Entered Testing 25640 | -2/Testing | Accompanied by 2 allies 25647 | -2/Testing | Spotted Alpha 7 25669 | -2/Testing | Allies destroyed Alpha 7 25670 | -2/Testing | Rewired 74-3QE(K) 25673 | -2/Testing | Rewired EO-3UU(K) 25799 | -2/Testing | Found Prototype Energy Cannon 25799 | -2/Testing | Identified Disintegrator 25824 | -2/Testing | X0-1V1 put everyone to sleep 25868 | -2/Testing | Found Prototype Energy Gun 25868 | -2/Testing | Identified Warp Gun 25928 | -2/Testing | Build established: Botlord-Mutant 25966 | -2/Testing | Found Faulty Point Singularity Launcher 26062 | -2/Testing | Found Hpw. Disruptor Cannon 26110 | -2/Testing | Spotted Striker 26111 | -2/Testing | Spotted Striker 26150 | -2/Testing | Spotted Alpha 7 26166 | -2/Testing | Destroyed Striker 26175 | -2/Testing | P-80 Master assimilated allied Director 9a 26180 | -2/Testing | Allies destroyed Alpha 7 26185 | -2/Testing | Allies destroyed Striker 26196 | -2/Testing | Found Prototype Processor 26196 | -2/Testing | Identified Exp. Melee Analysis Suite 26207 | -2/Testing | X0-1V1 added 0b10 threat records associated with you (minor) 26216 | -2/Testing | Lost 4 allies 26350 | -2/Testing | Build established: Botlord-Gunner 26468 | -2/Testing | X0-1V1 woke everyone up 26534 | -2/Testing | Garrison activated, responded to threat 26594 | -2/Testing | Lost 4 allies 26642 | -2/Testing | Spotted PD-6E9D4V5ASB 26661 | -2/Testing | Allies destroyed PD-6E9D4V5ASB 26716 | -2/Testing | Lost 7 allies 26768 | -2/Testing | Found Prototype Launcher 26817 | -2/Testing | Discovered exit to Access (range 12) 26855 | -2/Testing | Found Prototype Device 26905 | -2/Testing | X0-1V1 sent you into danger 26977 | -2/Testing | Identified Tactical Quantum Warhead 26977 | -2/Testing | Identified Exp. EM Disruption Field 27019 | -2/Testing | Garrison activated, responded to threat 27070 | -2/Testing | Identified exit to Garrison 27109 | -2/Testing | Entered Garrison 27109 | -2/Garrison | Accompanied by 14 allies 27142 | -2/Garrison | Triggered checkpoint 27153 | -2/Garrison | Build established: Botlord-Mutant 27154 | -2/Garrison | Garrison Relay disabled 27212 | -2/Garrison | Triggered checkpoint 27219 | -2/Garrison | Triggered checkpoint 27219 | -2/Garrison | Spotted B-90 Cyclops 27245 | -2/Garrison | Allies destroyed B-90 Cyclops 27252 | -2/Garrison | Triggered checkpoint 27268 | -2/Garrison | Triggered checkpoint 27304 | -2/Garrison | Lost 9 allies 27314 | -2/Garrison | Garrison Relay disabled 27329 | -2/Garrison | Triggered checkpoint 27368 | -2/Garrison | Discovered exit to Access (range 15) 27473 | -2/Garrison | Lost 9 allies 27527 | -2/Garrison | Build established: Botlord-Gunner 27582 | -2/Garrison | Expanded RIF knowledge: Code Merge 27770 | -2/Garrison | Triggered checkpoint 27780 | -2/Garrison | Garrison Relay disabled 27851 | -2/Garrison | Triggered checkpoint 27855 | -2/Garrison | Discovered exit to Access (range 12) 27878 | -2/Garrison | Discovered exit to Access (range 48) 27878 | -2/Garrison | Discovered exit to Access (range 71) 27878 | -2/Garrison | Discovered exit to Access (range 12) 28021 | -2/Garrison | System corruption reached 10% 28088 | -2/Garrison | X0-1V1 vaporized surrounding terrain (radius 22) 28093 | -2/Garrison | Triggered checkpoint 28103 | -2/Garrison | Triggered checkpoint 28208 | -2/Garrison | Garrison Relay disabled 28242 | -2/Garrison | Garrison Relay disabled 28339 | -2/Garrison | Entered Access 28339 | -1/Access | Accompanied by 7 allies 28339 | -1/Access | Evolved 2 slots: Utility x2 28552 | -1/Access | Found Enh. Gamma Bomb Array 28565 | -1/Access | Allied Derelicts emerged from ambush trap array 28665 | -1/Access | Garrison activated, responded to threat 28722 | -1/Access | Lost 7 allies 28755 | -1/Access | Build established: Botlord-Mutant 28845 | -1/Access | Spotted B-99 Colossus 28866 | -1/Access | X0-1V1 turns hostiles against one another 28886 | -1/Access | Destroyed B-99 Colossus 28894 | -1/Access | Lost 4 allies 28907 | -1/Access | Spotted B-99 Colossus 28924 | -1/Access | Spotted B-99 Colossus 28930 | -1/Access | Rewired B-99 Colossus 28950 | -1/Access | Rewired B-99 Colossus 29001 | -1/Access | X0-1V1 sent you to a vault 29128 | -1/Access | Identified exit to Surface 29128 | -1/Access | X0-1V1 revealed exit location to -0/Surface 29211 | -1/Access | X0-1V1 vaporized surrounding terrain (radius 18) 29239 | -1/Access | Spotted B-99 Colossus 29255 | -1/Access | Garrison activated, responded to threat 29328 | -1/Access | Discovered new exit (range 7) 29348 | -1/Access | Entered Command 29348 | -1/Command | Accompanied by 6 allies 29375 | -1/Command | Found Quantum Capacitor 29728 | -1/Command | Spotted Combat Programmer 29729 | -1/Command | Spotted M Guard 29730 | -1/Command | X0-1V1 activates XOMVISION 29733 | -1/Command | Spotted Combat Programmer 29740 | -1/Command | System corruption reached 10% 29743 | -1/Command | Destroyed Combat Programmer 29749 | -1/Command | Spotted M Guard 29799 | -1/Command | Destroyed Combat Programmer 29800 | -1/Command | X0-1V1 sent allied Mutant (x2) 29802 | -1/Command | Lost 9 parts (2p1n3u3w) 29840 | -1/Command | Core integrity fell below 50% 29851 | -1/Command | Core integrity fell below 20% 29856 | -1/Command | Destroyed by M Guard with Hellfire Missile Launcher Last Messages --------------- 29832_ Mic. Antimatter Reactor destroyed. 29832_ Critical hit (Meltdown: +430). 29832_ Hds. Centrium Leg destroyed. 29834_ Exp. Biometal Leg destroyed. 29834_ Knocked back. 29834_ Enh. Nova Cannon+ destroyed. 29835_ X0-1V1 is amused. 29836_ Adv. Heat Sink destroyed. 29839_ Knocked back. 29841_ System corrupted: Energy discharge (-67). 29842_ Relay Coupler [C] destroyed. 29842_ Critical hit (Meltdown: +400). 29844_ The unstable cave ceiling collapses. 29845_ Knocked back. 29845_ Quantum Capacitor destroyed. 29855_ The unstable cave ceiling collapses. 29855_ Relay Coupler [C] destroyed. 29855_ Critical hit (Blast). 29855_ Knocked back. 29856_ X0-1V1 bursts into laughter! Map ----- +----------------------------------------------------+ | ????????????????# ?#"" #?????? #???????? | | ????????????????# ?#T #?????? #???????? | | ????????????????# ??#"" #???????#???? #? | | ????????????????# ??#"" #???????????? #? | | ????????????????# ???#"" #?????? ????? #? | | ????????????????####???# #?????? ????? #? | | ???????????????????????# #?????# #???# #? | | ???????????????????????# #?????# #???# #? | | ???????????????????????###### #?????# #???# +? | | ????????????????????????????# #?????# #???# #? | | ?????###?????????#######????# #?????# #???# #? | | ??####"#######?## #????# #?????# #???# #? | | ### ## #?# ##????# ###???# #???# #? | | # # ### ###### #;##### ##### ## | | %+ | | ! [ | | [[ *%! % ## | | =%* %%% #? | | *[%[ ! #? | | # ## ## ######## *=[#######+# % #? | | # # # [=% ""% #? | | # # # # # ! ##= #? | | # ## ## " = ## #? | | # # # #" ! #" #? | | ## ######" Y ## #? | | ?## ###????#T @ Y ## #? | | ??## #####??????#"" # ## # | | ???##???????????#"" ## # | | ????????????????#"" ## + | | ????????????????# ## # | | ????????????????# ## ## # | | ????????????????# ! ### # ## [#? | | ????????????????#[%! #?#+#;## #########"=%## | | ????????????????#*###;####??? #?????# "[[" | | ????????????????##??##??????? #?????# = " | | ????????????????????????????? ########"* | | ????????????????????????????? "" ## | | ???????????????????????????? """## " " | | ???????????????????????????? ""## + | | ???????????????????????????? ? ?# # # | | ???????????????????????????? ???# # " | | ???????????????????????????? ????# # ## | | ????????????????????????????? ?????######## #? | | ???????????????????????????????##??########### # | | ???????????????????????????????? # | | ???????????????????????????????? =!" | | ???????????????????????????????????###########! # | | ?????????????????????????????????????????????#[=# | | ?????????????????????????????????????????????#!=+ | | ?????????????????????????????????????????????#! # | +----------------------------------------------------+ Best States ------------- Heat Dissipation 183 Energy Generation 75 Energy Capacity 1900 Matter Stores 1000 Matter Capacity 1000 Sight Range 26 Terrain Scan Density 10 Power Amplification 40 Base Temperature (-) 200 Armor Coverage 450 Resistance: KI 39 Resistance: TH 37 Resistance: EM 25 Point Defense Rating 240 Weapon Cycling 20 Phase Shifting 15 Evasion (%) 70 Targeting Accuracy 8 Core Analysis 9 Recoil Reduction 5 Energy Filtering 50 Particle Charging 30 Offensive Hacking 40 Defensive Hacking 12 Relay Coupler Types 8 Relay Coupler Value 253 Item Schematics ----------------- Adv. System Restoration Module | -6/Factory | Hacked Quantum Capacitor | -6/Factory | Hacked Hvy. Linear Accelerator | -6/Factory | Scanalyzed Imp. Cryofiber Web | -5/Factory | Hacked Imp. Remote Force Field | -4/Factory | Scanalyzed Biometal Heavy Treads | -4/Factory | Scanalyzed Spectral Analyzer | -2/Testing | Archive Neutron Missile Launcher | -2/Testing | Archive Stealth Drone Bay | -2/Testing | Archive Adv. Gravity Neutralizer | -2/Testing | Archive Gravity Neutralizer | -2/Testing | Archive Hds. Centrium Leg | -2/Testing | Archive Cld. Antigrav System | -2/Testing | Archive Exp. Thermal Defense Suite | -2/Testing | Archive Adv. Energy Well | -2/Testing | Archive Nanosword | -2/Testing | Archive Exp. Energy Well | -2/Testing | Archive Coolant Network | -2/Testing | Archive Kinetic Spear | -2/Testing | Archive Exp. Field Recycling Unit | -2/Testing | Archive Imp. Diametric Drive | -2/Testing | Archive Exp. Gyrokinetic Inverter | -2/Testing | Archive Robot Schematics ------------------ M-28 Smith | -8/Materials | Hacked T-07 Excavator | -2/Testing | Archive K-01 Serf | -2/Testing | Archive A-02 Transporter | -2/Testing | Archive Fabricated ------------ M-28 Smith | x1 | -7/Factory Quantum Capacitor | x2 | -5/Factory Imp. Cryofiber Web | x2 | -4/Factory Repaired ---------- Imp. Heavy Treads | 10% | -5/Factory Adv. Cooling System | 17% | -5/Factory Adv. Heat Sink | 2% | -5/Factory Studied --------- Com. Wheel | -9/Materials | Hacked Remote Datajack | -7/Factory | Hacked Plasma Cannon | -7/Factory | Hacked Imp. Grenade Launcher | -7/Factory | Hacked Imp. Remote Datajack | -6/Factory | Hacked Lrn. Proton Cannon | -4/Factory | Hacked Enh. Nova Cannon | -3/Research | Hacked Com. HERF Cannon | -3/Research | Hacked Adv. Remote Datajack | -2/Research | Hacked Centrium Leg | -2/Testing | Hacked Biometal Leg | -2/Testing | Hacked Hvy. Shield Leg | -2/Testing | Hacked Alien Tech Used ----------------- None Achievements -------------- Disruptive Presence Physics Protects Challenges ------------ None Game ------ Seed ReactiveWarlordSplitter Manual? 0 Play Time 06:00:02 Cumulative 680.7 hours Start 2026.09.10 @ 04:58:46 End 2026.09.12 @ 06:17:54 Sessions 19 Manual Loads 0 Difficulty Rogue Special Mode None Game No. 611 Rogue 575 Adventurer 36 Explorer 0 Win Type - Total 8 Types 2/2/0/1/1/0/0/2/0/0 Lore% 86 Gallery% 76 Achievement% 70 Wizard Run 0 Options --------- Layout 2 ASCII 0 Keyboard 0 Movement Numpad Keybinds 0 Fullscreen 1 Font 48/Smallcaps Map View 50x44 Zoom Use 0% Tactical HUD 1 Map Filters NONE Filters NONE Steam 1 RUN: de9b66d7-1967-4cb1-bc6a-e9caef2ec11a